 Dungeon Crawl Stone Soup version 0.29.0-4-gdea44cf6ec (webtiles) character file.

Game seed: 5259611137675316151

129532 qw the Brawler (level 16, -3/156 HPs)
             Began as a Troll Cinder Acolyte on Sept 3, 2022.
             Was a High Priest of Okawaru.
             Killed from afar by a shock serpent (8 damage)
             ... with a bolt of electricity
             ... on level 2 of the Snake Pit.
             The game lasted 00:16:13 (25315 turns).

qw the Brawler (Troll Cinder Acolyte)              Turns: 25315, Time: 00:16:14

Health: -3/156     AC: 18    Str: 34    XL:     16   Next: 50%
Magic:  20/22      EV:  8    Int:  7    God:    Okawaru [*****.]
Gold:   815        SH: 16    Dex:  6    Spells: 17/17 levels left

rFire   + . .      SeeInvis .     - Unarmed
rCold   + . .      Faith    .   x - +2 tower shield {reflect}
rNeg    . . .      Spirit   .   l - quicksilver dragon scales
rPois   +          Reflect  +   q - +2 hat
rElec   .          Harm     .   a - +2 cloak {rPois}
rCorr   +          Rampage  .   (gloves unavailable)
Will    +++..                   (boots unavailable)
Stlth   +.........              (no amulet)
HPRegen 1.16/turn               k - ring "Acsarhur" {rF+ rC+ Will+ rCorr Dex-3}
MPRegen 0.18/turn               r - ring "Jievaco" {rPois rC- EV+4 Str+3 Stlth+}

@: about to teleport, constricted
A: large, unfitting armour, claws 3, regeneration 1, shaggy fur 1, tough skin 1,
agile 1, cold resistance 1, dopey 1
a: Renounce Religion, Heroism, Finesse, Duel


You were on level 2 of the Snake Pit.
You worshipped Okawaru.
Okawaru was extremely pleased with you.
You visited 5 branches of the dungeon, and saw 25 of its levels.
You also visited: Gauntlet.

You collected 2626 gold pieces.
You spent 1811 gold pieces at shops.


Innate Abilities, Weirdness & Mutations

You are too large for most types of armour.
You have claws for hands.
Your natural rate of healing is unusually fast.
You are covered in fur. (AC +1)
You have tough skin. (AC +1)
You are agile. (Dex +4, Str/Int -1)
Your flesh is cold resistant. (rC+)
You are dopey. (Int -2)


   Skills:
 - Level 9.0 Fighting
 - Level 9.0 Throwing
 - Level 6.1 Armour
 - Level 3.0 Dodging
 + Level 10.9 Shields
 - Level 20.4 Unarmed Combat
 - Level 1.0 Spellcasting
 - Level 2.1 Fire Magic
 - Level 10.0 Invocations


You had 17 spell levels left.
You didn't know any spells.
Your spell library contained the following spells:

 Spells                   Type           Power      Damage    Failure   Level
 Scorch                   Fire           6%         2d5       78%         2

Inventory:

Missiles
 m - 12 javelins
 t - 26 large rocks (quivered)
 v - 6 silver javelins
 y - 5 boomerangs
Armour
 a - a +2 cloak of poison resistance (worn)
 l - quicksilver dragon scales (worn)
 q - a +2 hat (worn)
 x - a +2 tower shield of reflection (worn)
 A - a +0 robe of resistance
 B - a +1 robe of fire resistance
Jewellery
 k - the ring "Acsarhur" (left claw) {rF+ rC+ Will+ rCorr Dex-3}
   (You found it in a Gauntlet)

   [ring of willpower]

   Dex:       It affects your dexterity (-3).
   rF:        It protects you from fire.
   rC:        It protects you from cold.
   rCorr:     It protects you from acid and corrosion.
   Will:      It increases your willpower.
 o - a +4 ring of slaying {mikee}
 r - the ring "Jievaco" (right claw) {rPois rC- EV+4 Str+3 Stlth+}
   (You took it off a minotaur in a Gauntlet)

   [ring of evasion]

   EV:        It affects your evasion (+4).
   Str:       It affects your strength (+3).
   rC:        It makes you vulnerable to cold.
   rPois:     It protects you from poison.
   Stlth:     It makes you more stealthy.
 w - the amulet of Muicsak {RegenMP Harm SInv}
   (You acquired it on level 12 of the Dungeon)

   [amulet of magic regeneration]

   It increases your rate of magic regeneration.
   SInv:      It lets you see invisible.
   Harm:      It increases damage dealt and taken.
 z - the amulet "Qayl" {Spirit Dex+7}
   (You bought it in a shop on level 2 of the Orcish Mines)

   [amulet of guardian spirit]

   It causes incoming damage to be divided between your reserves of health and
   magic.
   Dex:       It affects your dexterity (+7).
 Y - a +4 ring of evasion
Scrolls
 b - 5 scrolls of brand weapon
 d - 6 scrolls of teleportation
 e - 11 scrolls of identify
 i - 8 scrolls of enchant weapon
 s - 2 scrolls of enchant armour
Potions
 c - 7 potions of haste
 f - a potion of cancellation
 g - a potion of heal wounds
 h - 11 potions of curing
 j - 2 potions of mutation
 n - 3 potions of resistance
 p - 2 potions of might
 u - a potion of magic

Dungeon Overview and Level Annotations

Branches:
Dungeon (15/15)            Temple (1/1) D:4            Lair (5/5) D:11
 Shoals (0/4) Lair:2        Snake (2/4) Lair:3        Slime (0/5) Lair:5
    Orc (2/2) D:11            Elf (0/3) Orc:2        Vaults (0/5) D:14
 Depths (0/4) D:15        Gauntlet (visited)

Altars:
Ashenzari
Cheibriados
Dithmenos
Elyvilon
Fedhas
Gozag
Okawaru
Qazlal
Ru
Sif Muna
Uskayaw
Vehumet
Xom
Yredelemnul
Jiyva

Shops:
D:4 ?   D:10 ?   D:14 ?[?:?   Orc:2 *=[(

Annotations:
D:6 3 runed translucent doors, qw's ghost, novice FoCA
D:15 1 runed translucent door, Vochiuc's ghost, adept DEFE


Message History

The anaconda is almost dead.
The anaconda bites you but does no damage.
The anaconda constricts you. You block the black mamba's attack.
The black mamba barely misses you. You block the anaconda's attack.
The anaconda constricts you.
You mangle the anaconda!!
You kill the anaconda!
Okawaru accepts your kill. The black mamba closely misses you.
You block the black mamba's attack.
You claw the black mamba!
The black mamba is heavily wounded.
You block the black mamba's attack. The anaconda barely misses you.
The anaconda bites you.
The black mamba bites you but does no damage.
25312 ||| Stepping ~*~*~tactically~*~*~ (outnumbered).
The shock serpent attacks as you move away!
You block the shock serpent's attack. The anaconda attacks as you move away!
The anaconda barely misses you. You block the anaconda's attack.
A black mamba comes into view.
The black mamba hisses angrily.
You hear an angry hiss.
The black mamba completely misses you.
You closely miss the shock serpent. You block the anaconda's attack.
The anaconda misses you.
The shock serpent shoots out a bolt of lightning at you!
The bolt of electricity hits you! The anaconda grabs you.
You block the anaconda's attack. The anaconda constricts you.
A mana viper comes into view.
You claw the anaconda!
The anaconda is lightly wounded.
You block the shock serpent's attack. You block the anaconda's attack.
The anaconda constricts you. The shock serpent bites you!
The shock serpent shocks you!
25315 ||| READING 7 scrolls of teleportation.
As you read the scroll of teleportation, it crumbles to dust.
You feel strangely unstable.
You feel like a meek peon again. You block the anaconda's attack.
The anaconda constricts you.
The shock serpent shoots out a bolt of lightning at you!
The bolt of electricity hits you! x2
You die...

#####
#...#
#..?#
#...#
#)..#
#####S@>#
.S...SSSS#
######SSS#
#....
#.~~~~#
#~~~~~~
~~~~~~~~
#~~~~~~~~#
#~~~~~~~~#


You could see a sea snake, an anaconda, 2 shock serpents, 2 mana vipers and 3
black mambas.

Vanquished Creatures
  Rupert (D:14)
  A sphinx (D:12)
  Frances (D:12)
  Kirke (D:12)
  2 orc warlords
  A minotaur (Gauntlet)
  A fire dragon (D:15)
  Josephine (D:12)
  An ice dragon (D:15)
  A rakshasa (D:14)
  10 hydras
  4 vault guards (D:14)
  3 catoblepae
  Erolcha (D:13)
  5 centaur warriors
  2 anacondas (Snake:2)
  5 boulder beetles
  3 naga warriors (Snake:1)
  3 two-headed ogres
  15 death yaks
  2 tengu warriors
  2 orc high priests (Orc:2)
  3 naga sharpshooters (Snake:1)
  Urug (Orc:2)
  A shock serpent (Snake:1)
  A fire crab (Gauntlet)
  A glowing orange brain (Gauntlet)
  Pikel (D:6)
  4 deep elf pyromancers
  4 orc sorcerers
  6 orc knights
  2 wolf spiders (Lair:5)
  4 mana vipers (Snake:1)
  19 ugly things
  6 cyclopes
  4 elephants (Lair:2)
  A salamander (Snake:1)
  A manticore (D:14)
  Maurice (D:9)
  6 naga magi
  16 black mambas
  A guardian serpent (Lair:5)
  A gargoyle (D:11)
  Joseph (Lair:1)
  A torpor snail (Lair:4)
  Psyche (D:7)
  10 cane toads
  An unseen horror (D:11)
  A cane toad (shapeshifter) (D:14)
  2 rime drakes
  2 freezing wraiths
  7 komodo dragons
  2 tengu conjurers (Gauntlet)
  2 efreet
  13 polar bears
  5 trolls
  4 hornets
  Prince Ribbit (D:6)
  4 raiju (Lair:5)
  A snapping turtle (Lair:2)
  6 slime creatures
  8 blink frogs
  7 dream sheep (Lair:5)
  A centaur simulacrum (D:15)
  A culicivora (shapeshifter) (D:13)
  2 shadows
  7 wraiths
  10 wyverns
  14 fire elementals
  79 yaks
  9 basilisks
  6 fire bats
  5 vampire mosquitoes
  3 steam dragons
  5 hogs (D:12)
  A human (D:12)
  Grum (D:8)
  8 wargs
  A basilisk (shapeshifter) (D:15)
  2 redbacks (Lair:5)
  14 nagas
  2 acid dragons
  13 hell hounds (Lair:5)
  26 water moccasins
  35 orc warriors
  2 ice beasts
  12 black bears
  4 boggarts (D:14)
  25 wolves
  9 ogres
  2 phantoms
  5 centaurs
  Blork the orc (D:4)
  A kobold brigand (D:10)
  2 scorpions
  13 bullfrogs
  5 wights (D:10)
  15 killer bees
  6 howler monkeys
  2 electric eels
  A jelly (shapeshifter) (D:14)
  15 jellies
  5 hounds
  11 orc priests
  6 iguanas
  Ijyb (D:4)
  30 orc wizards
  Robin (D:4)
  7 adders
  11 gnolls
  A white imp (D:8)
  3 ufetubi
  2 worms
  2 dart slugs (D:1)
  118 orcs
  11 ball pythons
  5 endoplasms
  5 giant cockroaches
  28 goblins
  17 hobgoblins
  A quokka (D:5)
  7 bats
  5 frilled lizards (D:1)
  22 kobolds
  4 rats
897 creatures vanquished.

Vanquished Creatures (others)
  An orc priest (Orc:2)
  An orc wizard (D:6)
  37 fungi
  75 plants
114 creatures vanquished.

Grand Total: 1011 creatures vanquished

Notes
Turn   | Place    | Note
-------+----------+-------------------------------------------
     0 | D:1      | qw the Troll Cinder Acolyte began the quest for the Orb.
     0 | D:1      | Reached XP level 1. HP: 22/22 MP: 1/1
     0 | D:1      | 0 ||| qw: Version: 0.1-a-102-g441f92d
     0 | D:1      | 0 ||| qw: Game counter: 5146
     0 | D:1      | 0 ||| qw: Always use a shield: true
     0 | D:1      | 0 ||| qw: God list: Okawaru
     0 | D:1      | 0 ||| qw: Allow faded altars: false
     0 | D:1      | 0 ||| qw: Do Orc after D:15 true
     0 | D:1      | 0 ||| qw: Do second Lair branch before Depths: true
     0 | D:1      | 0 ||| qw: Lair rune preference: random
     0 | D:1      | 0 ||| qw: Plans: Normal
     0 | D:1      | 0 ||| PLANNING D:1-11
   143 | D:1      | Reached XP level 2. HP: 29/29 MP: 2/2
   173 | D:1      | 173 ||| Stepping ~*~*~tactically~*~*~ (stealth).
   298 | D:1      | 298 ||| Stepping ~*~*~tactically~*~*~ (stealth).
   299 | D:1      | 299 ||| Stepping ~*~*~tactically~*~*~ (stealth).
   300 | D:1      | 300 ||| Stepping ~*~*~tactically~*~*~ (stealth).
   305 | D:1      | 305 ||| Stepping ~*~*~tactically~*~*~ (stealth).
   386 | D:1      | Reached skill level 4 in Unarmed Combat
   461 | D:1      | 461 ||| Stepping ~*~*~tactically~*~*~ (hiding).
   462 | D:1      | 462 ||| Stepping ~*~*~tactically~*~*~ (hiding).
   477 | D:1      | Reached XP level 3. HP: 36/36 MP: 3/3
   732 | D:1      | 732 ||| READING scroll labelled TUYMIU IM WAJ.
   733 | D:1      | 733 ||| READING 2 scrolls labelled KON YPOJEBEVATA.
   751 | D:2      | 751 ||| STAIRDANCE
   821 | D:2      | 821 ||| Stepping ~*~*~tactically~*~*~ (stealth).
   825 | D:2      | 825 ||| Stepping ~*~*~tactically~*~*~ (stealth).
   830 | D:2      | 830 ||| Stepping ~*~*~tactically~*~*~ (stealth).
   831 | D:2      | 831 ||| Stepping ~*~*~tactically~*~*~ (stealth).
   832 | D:2      | 832 ||| Stepping ~*~*~tactically~*~*~ (stealth).
   833 | D:2      | 833 ||| Stepping ~*~*~tactically~*~*~ (stealth).
   849 | D:2      | Reached XP level 4. HP: 44/44 MP: 4/4
   909 | D:2      | 909 ||| Stepping ~*~*~tactically~*~*~ (stealth).
   952 | D:2      | Reached skill level 5 in Unarmed Combat
   961 | D:2      | 961 ||| Stepping ~*~*~tactically~*~*~ (stealth).
   962 | D:2      | 962 ||| Stepping ~*~*~tactically~*~*~ (stealth).
   970 | D:2      | 970 ||| Stepping ~*~*~tactically~*~*~ (stealth).
   971 | D:2      | 971 ||| Stepping ~*~*~tactically~*~*~ (stealth).
  1134 | D:2      | Found a faded altar of an unknown god.
  1352 | D:2      | 1352 ||| READING 2 scrolls labelled ELAVAN SIASARCH.
  1353 | D:2      | 1353 ||| READING scroll labelled QINLAUD BIETT.
  1356 | D:2      | 1356 ||| DRINKING 2 viscous dark potions.
  1357 | D:2      | 1357 ||| DROPPING potion of flight.
  1358 | D:2      | 1358 ||| DROPPING scroll of amnesia.
  1430 | D:3      | 1430 ||| Stepping ~*~*~tactically~*~*~ (stealth).
  1431 | D:3      | 1431 ||| Stepping ~*~*~tactically~*~*~ (hiding).
  1434 | D:3      | 1434 ||| INVOKING Fiery Armour.
  1443 | D:3      | HP: 11/44 [poisoned by a gnoll]
  1448 | D:3      | HP: 9/44 [poisoned by a gnoll]
  2223 | D:3      | 2223 ||| UPGRADING to +0 cloak.
  2228 | D:3      | 2228 ||| DROPPING ring of flight.
  2229 | D:3      | 2229 ||| READING scroll labelled NATYBE IGYR.
  2230 | D:3      | 2230 ||| READING scroll labelled YKKUEFOQIX.
  2231 | D:3      | 2231 ||| READING scroll labelled CATZUSCH KISE.
  2253 | D:3      | 2253 ||| READING scroll labelled FUEGGY HUSHA.
  2254 | D:3      | 2254 ||| READING 3 scrolls of identify.
  2254 | D:3      | 2254 ||| IDENTIFYING sedimented black potion
  2255 | D:3      | 2255 ||| READING 2 scrolls of identify.
  2255 | D:3      | 2255 ||| IDENTIFYING viscous black potion
  2256 | D:3      | 2256 ||| DROPPING potion of lignification.
  2270 | D:4      | Found a staircase to the Ecumenical Temple.
  2274 | D:4      | Noticed Blork the orc
  2275 | D:4      | 2275 ||| Stepping ~*~*~tactically~*~*~ (hiding).
  2280 | D:4      | Noticed Ijyb
  2281 | D:4      | 2281 ||| INVOKING Fiery Armour.
  2282 | D:4      | Killed Blork the orc
  2283 | D:4      | Reached skill level 6 in Unarmed Combat
  2283 | D:4      | Reached XP level 5. HP: 47/50 MP: 5/5
  2293 | D:4      | Killed Ijyb
  2541 | D:4      | Reached XP level 6. HP: 59/59 MP: 6/6
  2571 | D:4      | Found Sobait's Magic Scroll Emporium.
  2586 | D:4      | 2586 ||| SHOPLISTING scroll of acquirement (728 gold, have
                  | 195).
  2586 | D:4      | 2586 ||| BUYING scroll of identify (28 gold).
  2586 | D:4      | Bought a scroll of identify for 28 gold pieces
  2586 | D:4      | 2586 ||| BUYING scroll of identify (28 gold).
  2586 | D:4      | Bought a scroll of identify for 28 gold pieces
  2586 | D:4      | 2586 ||| BUYING scroll of identify (28 gold).
  2586 | D:4      | Bought a scroll of identify for 28 gold pieces
  2586 | D:4      | 2586 ||| BUYING scroll of identify (28 gold).
  2586 | D:4      | Bought a scroll of identify for 28 gold pieces
  2586 | D:4      | 2586 ||| BUYING scroll of teleportation (42 gold).
  2586 | D:4      | Bought a scroll of teleportation for 42 gold pieces
  2624 | D:4      | 2624 ||| Stepping ~*~*~tactically~*~*~ (stealth).
  2628 | D:4      | 2628 ||| Stepping ~*~*~tactically~*~*~ (stealth).
  2643 | D:4      | Noticed Robin
  2652 | D:4      | Killed Robin
  2662 | D:4      | 2662 ||| Stepping ~*~*~tactically~*~*~ (stealth).
  2671 | D:4      | Reached skill level 7 in Unarmed Combat
  2836 | D:4      | Identified the +5 spear "Miugaril" {flame, Will+ Int+3}
  3219 | D:4      | 3219 ||| READING scroll labelled IFOH HOQOMIESA.
  3220 | D:4      | 3220 ||| DRINKING 2 blue potions.
  3221 | D:4      | 3221 ||| DRINKING 2 white potions.
  3222 | D:4      | 3222 ||| DRINKING 2 puce potions.
  3222 | D:4      | Gained mutation: You are dopey. (Int -2) [potion of
                  | mutation]
  3222 | D:4      | Gained mutation: You are agile. (Dex +4, Str/Int -1)
                  | [potion of mutation]
  3222 | D:4      | Gained mutation: Your flesh is cold resistant. (rC+)
                  | [potion of mutation]
  3223 | D:4      | 3223 ||| READING 5 scrolls of identify.
  3223 | D:4      | 3223 ||| IDENTIFYING silvery potion
  3224 | D:4      | 3224 ||| READING 4 scrolls of identify.
  3224 | D:4      | 3224 ||| IDENTIFYING brown potion
  3225 | D:4      | 3225 ||| DROPPING potion of ambrosia.
  3263 | D:5      | Entered Level 5 of the Dungeon
  3330 | D:5      | Reached skill level 1 in Dodging
  3399 | D:5      | 3399 ||| Stepping ~*~*~tactically~*~*~ (stealth).
  3420 | D:5      | 3420 ||| Stepping ~*~*~tactically~*~*~ (stealth).
  3426 | D:5      | Reached XP level 7. HP: 66/66 MP: 7/7
  3490 | D:5      | 3490 ||| Stepping ~*~*~tactically~*~*~ (stealth).
  3493 | D:5      | 3493 ||| Stepping ~*~*~tactically~*~*~ (stealth).
  3500 | D:5      | 3500 ||| Stepping ~*~*~tactically~*~*~ (stealth).
  3515 | D:5      | 3515 ||| Stepping ~*~*~tactically~*~*~ (stealth).
  3589 | D:5      | Reached skill level 8 in Unarmed Combat
  3655 | D:5      | 3655 ||| Stepping ~*~*~tactically~*~*~ (hiding).
  3869 | D:5      | 3869 ||| DROPPING ring of wizardry.
  3870 | D:5      | 3870 ||| UPGRADING to +4 ring of slaying {mikee}.
  3871 | D:5      | 3871 ||| READING scroll labelled BAJAPUT YNISO.
  3899 | D:6      | 3899 ||| INVOKING Fiery Armour.
  3902 | D:6      | Noticed a steam dragon
  3903 | D:6      | Reached skill level 3 in Fighting
  3905 | D:6      | Noticed Pikel
  3905 | D:6      | HP: 13/67 [orc warrior/+0 war axe (5)]
  3906 | D:6      | 3906 ||| READING 4 scrolls of teleportation.
  3907 | D:6      | 3907 ||| DRINKING potion of heal wounds.
  3911 | D:6      | 3911 ||| STAIRDANCE
  4165 | D:6      | 4165 ||| Stepping ~*~*~tactically~*~*~ (stealth).
  4167 | D:6      | Noticed Prince Ribbit
  4168 | D:6      | 4168 ||| Stepping ~*~*~tactically~*~*~ (stealth).
  4169 | D:6      | 4169 ||| Stepping ~*~*~tactically~*~*~ (stealth).
  4176 | D:6      | Killed Prince Ribbit
  4177 | D:6      | Reached skill level 9 in Unarmed Combat
  4177 | D:6      | Reached XP level 8. HP: 75/75 MP: 8/8
  4183 | D:6      | 4183 ||| INVOKING Fiery Armour.
  4185 | D:6      | Reached skill level 1 in Throwing
  4185 | D:6      | 4185 ||| FLEEEEING.
  4186 | D:6      | 4186 ||| FLEEEEING.
  4187 | D:6      | 4187 ||| FLEEEEING.
  4188 | D:6      | 4188 ||| FLEEEEING.
  4189 | D:6      | 4189 ||| FLEEEEING.
  4190 | D:6      | 4190 ||| FLEEEEING.
  4191 | D:6      | 4191 ||| FLEEEEING.
  4192 | D:6      | 4192 ||| FLEEEEING.
  4193 | D:6      | 4193 ||| FLEEEEING.
  4194 | D:6      | 4194 ||| FLEEEEING.
  4195 | D:6      | 4195 ||| STAIRDANCE
  4282 | D:6      | Reached skill level 10 in Unarmed Combat
  4328 | D:6      | 4328 ||| Stepping ~*~*~tactically~*~*~ (stealth).
  4331 | D:6      | 4331 ||| READING 4 scrolls of teleportation.
  4336 | D:6      | Found a shadowy altar of Dithmenos.
  4398 | D:6      | Found a runed translucent gate.
  4398 | D:6      | Found a runed translucent gate.
  4403 | D:6      | Found a runed translucent gate.
  4444 | D:6      | Noticed qw's ghost (novice FoCA)
  4476 | D:6      | 4476 ||| Stepping ~*~*~tactically~*~*~ (stealth).
  4478 | D:6      | 4478 ||| Stepping ~*~*~tactically~*~*~ (hiding).
  4555 | D:6      | 4555 ||| Stepping ~*~*~tactically~*~*~ (stealth).
  4757 | D:6      | Killed Pikel
  4758 | D:6      | Reached XP level 9. HP: 88/88 MP: 9/9
  4802 | D:6      | 4802 ||| Stepping ~*~*~tactically~*~*~ (stealth).
  4803 | D:6      | 4803 ||| Stepping ~*~*~tactically~*~*~ (stealth).
  4865 | D:6      | 4865 ||| READING scroll labelled KIETZETTEU.
  4866 | D:6      | 4866 ||| READING scroll labelled XIOHOU ZAGIE.
  4901 | D:7      | 4901 ||| Stepping ~*~*~tactically~*~*~ (hiding).
  4904 | D:7      | 4904 ||| Stepping ~*~*~tactically~*~*~ (hiding).
  4907 | D:7      | 4907 ||| INVOKING Fiery Armour.
  4908 | D:7      | 4908 ||| Stepping ~*~*~tactically~*~*~ (outnumbered).
  4910 | D:7      | 4910 ||| Stepping ~*~*~tactically~*~*~ (outnumbered).
  4913 | D:7      | 4913 ||| Stepping ~*~*~tactically~*~*~ (outnumbered).
  4914 | D:7      | 4914 ||| Stepping ~*~*~tactically~*~*~ (outnumbered).
  4915 | D:7      | 4915 ||| Stepping ~*~*~tactically~*~*~ (outnumbered).
  4916 | D:7      | 4916 ||| Stepping ~*~*~tactically~*~*~ (outnumbered).
  4917 | D:7      | 4917 ||| Stepping ~*~*~tactically~*~*~ (outnumbered).
  4925 | D:7      | Reached skill level 11 in Unarmed Combat
  4926 | D:7      | 4926 ||| Stepping ~*~*~tactically~*~*~ (outnumbered).
  4927 | D:7      | 4927 ||| Stepping ~*~*~tactically~*~*~ (outnumbered).
  5077 | D:7      | 5077 ||| Stepping ~*~*~tactically~*~*~ (hiding).
  5164 | D:7      | Found a flagged portal.
  5377 | D:7      | 5377 ||| UPGRADING to +0 steam dragon scales.
  5387 | D:7      | 5387 ||| DROPPING +0 robe.
  5408 | D:8      | Noticed Grum
  5408 | D:8      | Noticed Psyche
  5409 | D:8      | 5409 ||| INVOKING Fiery Armour.
  5411 | D:8      | 5411 ||| Stepping ~*~*~tactically~*~*~ (outnumbered).
  5412 | D:8      | 5412 ||| STAIRDANCE
  5418 | D:7      | Reached skill level 1 in Armour
  5420 | D:7      | Killed Psyche
  5421 | D:7      | Reached skill level 12 in Unarmed Combat
  5478 | D:8      | 5478 ||| STAIRDANCE
  5498 | D:8      | Killed Grum
  5510 | D:8      | 5510 ||| DRINKING 3 potions of curing.
  5510 | D:8      | 5510 ||| (to cure confusion)
  5569 | D:8      | You fall into a shaft and drop 3 floors!
  5579 | D:11     | Found a staircase to the Orcish Mines.
  5580 | D:11     | 5580 ||| FLEEEEING.
  5581 | D:11     | 5581 ||| STAIRDANCE
  5582 | D:10     | Entered Level 10 of the Dungeon
  5587 | D:10     | 5587 ||| INVOKING Fiery Armour.
  5590 | D:10     | Reached XP level 10. HP: 89/96 MP: 10/10
  5596 | D:10     | Reached skill level 13 in Unarmed Combat
  5707 | D:9      | Noticed Maurice
  5721 | D:9      | Killed Maurice
  5736 | D:9      | 5736 ||| Stepping ~*~*~tactically~*~*~ (outnumbered).
  5737 | D:9      | 5737 ||| Stepping ~*~*~tactically~*~*~ (outnumbered).
  5790 | D:9      | 5790 ||| UPGRADING to +1 cloak of poison resistance.
  5800 | D:9      | 5800 ||| DROPPING +0 cloak.
  5801 | D:9      | 5801 ||| Stepping ~*~*~tactically~*~*~ (stealth).
  5869 | D:8      | Found a broken altar of Ashenzari.
  5941 | D:8      | 5941 ||| Stepping ~*~*~tactically~*~*~ (outnumbered).
  5948 | D:8      | Reached skill level 14 in Unarmed Combat
  6065 | D:8      | 6065 ||| Stepping ~*~*~tactically~*~*~ (stealth).
  6068 | D:8      | 6068 ||| Stepping ~*~*~tactically~*~*~ (hiding).
  6075 | D:8      | 6075 ||| Stepping ~*~*~tactically~*~*~ (outnumbered).
  6076 | D:8      | 6076 ||| Stepping ~*~*~tactically~*~*~ (outnumbered).
  6077 | D:8      | 6077 ||| Stepping ~*~*~tactically~*~*~ (outnumbered).
  6079 | D:8      | 6079 ||| Stepping ~*~*~tactically~*~*~ (outnumbered).
  6153 | D:8      | 6153 ||| Stepping ~*~*~tactically~*~*~ (outnumbered).
  6154 | D:8      | 6154 ||| Stepping ~*~*~tactically~*~*~ (outnumbered).
  6189 | D:8      | 6189 ||| Stepping ~*~*~tactically~*~*~ (stealth).
  6198 | D:8      | 6198 ||| INVOKING Fiery Armour.
  6199 | D:8      | 6199 ||| Stepping ~*~*~tactically~*~*~ (outnumbered).
  6201 | D:8      | 6201 ||| Stepping ~*~*~tactically~*~*~ (outnumbered).
  6220 | D:8      | Reached skill level 6 in Fighting
  6306 | D:8      | Identified the +10 war axe "Ubrac" {vorpal, Str+3 SInv}
  6361 | D:8      | Found a hide-covered altar of Uskayaw.
  6396 | D:8      | Found a snail-covered altar of Cheibriados.
  6417 | D:8      | 6417 ||| READING scroll labelled MOID GUETIZ.
  6567 | D:9      | 6567 ||| Stepping ~*~*~tactically~*~*~ (outnumbered).
  6568 | D:9      | 6568 ||| Stepping ~*~*~tactically~*~*~ (outnumbered).
  6569 | D:9      | 6569 ||| Stepping ~*~*~tactically~*~*~ (outnumbered).
  6570 | D:9      | 6570 ||| Stepping ~*~*~tactically~*~*~ (outnumbered).
  6571 | D:9      | 6571 ||| Stepping ~*~*~tactically~*~*~ (outnumbered).
  6572 | D:9      | 6572 ||| Stepping ~*~*~tactically~*~*~ (outnumbered).
  6573 | D:9      | 6573 ||| Stepping ~*~*~tactically~*~*~ (outnumbered).
  6574 | D:9      | 6574 ||| Stepping ~*~*~tactically~*~*~ (outnumbered).
  6575 | D:9      | 6575 ||| Stepping ~*~*~tactically~*~*~ (outnumbered).
  6576 | D:9      | 6576 ||| Stepping ~*~*~tactically~*~*~ (outnumbered).
  6577 | D:9      | 6577 ||| Stepping ~*~*~tactically~*~*~ (outnumbered).
  6578 | D:9      | 6578 ||| Stepping ~*~*~tactically~*~*~ (outnumbered).
  6579 | D:9      | 6579 ||| Stepping ~*~*~tactically~*~*~ (outnumbered).
  6580 | D:9      | 6580 ||| Stepping ~*~*~tactically~*~*~ (outnumbered).
  6581 | D:9      | 6581 ||| Stepping ~*~*~tactically~*~*~ (outnumbered).
  6582 | D:9      | 6582 ||| Stepping ~*~*~tactically~*~*~ (outnumbered).
  6588 | D:9      | Reached skill level 3 in Throwing
  6628 | D:9      | 6628 ||| Stepping ~*~*~tactically~*~*~ (outnumbered).
  6629 | D:9      | 6629 ||| Stepping ~*~*~tactically~*~*~ (outnumbered).
  6630 | D:9      | 6630 ||| Stepping ~*~*~tactically~*~*~ (outnumbered).
  6631 | D:9      | 6631 ||| Stepping ~*~*~tactically~*~*~ (outnumbered).
  6632 | D:9      | 6632 ||| DRINKING 2 potions of curing.
  6632 | D:9      | 6632 ||| (to cure confusion)
  6633 | D:9      | 6633 ||| Stepping ~*~*~tactically~*~*~ (outnumbered).
  6634 | D:9      | 6634 ||| Stepping ~*~*~tactically~*~*~ (outnumbered).
  6635 | D:9      | 6635 ||| Stepping ~*~*~tactically~*~*~ (outnumbered).
  6637 | D:9      | 6637 ||| Stepping ~*~*~tactically~*~*~ (outnumbered).
  6638 | D:9      | 6638 ||| Stepping ~*~*~tactically~*~*~ (outnumbered).
  6639 | D:9      | 6639 ||| Stepping ~*~*~tactically~*~*~ (outnumbered).
  6640 | D:9      | 6640 ||| Stepping ~*~*~tactically~*~*~ (outnumbered).
  6641 | D:9      | 6641 ||| Stepping ~*~*~tactically~*~*~ (outnumbered).
  6642 | D:9      | 6642 ||| Stepping ~*~*~tactically~*~*~ (outnumbered).
  6644 | D:9      | 6644 ||| Stepping ~*~*~tactically~*~*~ (outnumbered).
  6680 | D:9      | Found a radiant altar of Vehumet.
  7038 | D:9      | 7038 ||| Stepping ~*~*~tactically~*~*~ (stealth).
  7422 | D:9      | Reached XP level 11. HP: 94/105 MP: 11/11
  7529 | D:9      | 7529 ||| UPGRADING to quicksilver dragon scales.
  7539 | D:9      | 7539 ||| DROPPING +0 steam dragon scales.
  7540 | D:9      | 7540 ||| READING 6 scrolls of identify.
  7540 | D:9      | 7540 ||| IDENTIFYING emerald potion
  7541 | D:9      | 7541 ||| DROPPING potion of attraction.
  7584 | D:8      | 7584 ||| READING 3 scrolls of teleportation.
  7779 | D:10     | 7779 ||| Stepping ~*~*~tactically~*~*~ (hiding).
  7834 | D:10     | 7834 ||| Stepping ~*~*~tactically~*~*~ (stealth).
  8004 | D:10     | Reached skill level 3 in Armour
  8038 | D:10     | 8038 ||| Stepping ~*~*~tactically~*~*~ (outnumbered).
  8048 | D:10     | 8048 ||| INVOKING Fiery Armour.
  8177 | D:10     | Found Loraph's Magic Scroll Boutique.
  8192 | D:10     | 8192 ||| BUYING 2 scrolls of enchant weapon (180 gold).
  8192 | D:10     | Bought 2 scrolls of enchant weapon for 180 gold pieces
  8192 | D:10     | 8192 ||| BUYING scroll of enchant weapon (90 gold).
  8192 | D:10     | Bought a scroll of enchant weapon for 90 gold pieces
  8192 | D:10     | 8192 ||| BUYING scroll of enchant weapon (90 gold).
  8192 | D:10     | Bought a scroll of enchant weapon for 90 gold pieces
  8192 | D:10     | 8192 ||| BUYING scroll of identify (24 gold).
  8192 | D:10     | Bought a scroll of identify for 24 gold pieces
  8192 | D:10     | 8192 ||| BUYING scroll of teleportation (36 gold).
  8192 | D:10     | Bought a scroll of teleportation for 36 gold pieces
  8408 | D:10     | 8408 ||| FLEEEEING.
  8409 | D:10     | 8409 ||| FLEEEEING.
  8410 | D:10     | 8410 ||| FLEEEEING.
  8430 | D:10     | 8430 ||| FLEEEEING.
  8794 | D:10     | 8794 ||| Stepping ~*~*~tactically~*~*~ (stealth).
  8800 | D:10     | Reached skill level 15 in Unarmed Combat
  8817 | D:10     | 8817 ||| FLEEEEING.
  8817 | D:10     | Found a white marble altar of Elyvilon.
  8818 | D:10     | 8818 ||| FLEEEEING.
  8819 | D:10     | 8819 ||| FLEEEEING.
  8835 | D:10     | 8835 ||| FLEEEEING.
  8836 | D:10     | 8836 ||| FLEEEEING.
  8870 | D:10     | 8870 ||| FLEEEEING.
  8871 | D:10     | 8871 ||| FLEEEEING.
  8872 | D:10     | 8872 ||| FLEEEEING.
  8873 | D:10     | 8873 ||| FLEEEEING.
  8874 | D:10     | 8874 ||| FLEEEEING.
  8907 | D:10     | 8907 ||| FLEEEEING.
  8908 | D:10     | 8908 ||| FLEEEEING.
  8922 | D:10     | 8922 ||| FLEEEEING.
  8923 | D:10     | 8923 ||| FLEEEEING.
  8966 | D:10     | 8966 ||| FLEEEEING.
  8967 | D:10     | 8967 ||| FLEEEEING.
  8968 | D:10     | 8968 ||| FLEEEEING.
  8969 | D:10     | 8969 ||| FLEEEEING.
  8996 | D:10     | 8996 ||| FLEEEEING.
  8997 | D:10     | 8997 ||| FLEEEEING.
  8998 | D:10     | 8998 ||| FLEEEEING.
  8999 | D:10     | 8999 ||| FLEEEEING.
  9000 | D:10     | 9000 ||| FLEEEEING.
  9001 | D:10     | 9001 ||| FLEEEEING.
  9002 | D:10     | 9002 ||| FLEEEEING.
  9032 | D:10     | 9032 ||| FLEEEEING.
  9033 | D:10     | 9033 ||| FLEEEEING.
  9053 | D:10     | 9053 ||| FLEEEEING.
  9066 | D:10     | 9066 ||| FLEEEEING.
  9067 | D:10     | 9067 ||| FLEEEEING.
  9068 | D:10     | 9068 ||| FLEEEEING.
  9069 | D:10     | 9069 ||| FLEEEEING.
  9070 | D:10     | 9070 ||| FLEEEEING.
  9071 | D:10     | 9071 ||| FLEEEEING.
  9072 | D:10     | 9072 ||| FLEEEEING.
  9097 | D:10     | 9097 ||| FLEEEEING.
  9133 | D:10     | 9133 ||| FLEEEEING.
  9134 | D:10     | 9134 ||| FLEEEEING.
  9135 | D:10     | 9135 ||| FLEEEEING.
  9159 | D:10     | 9159 ||| FLEEEEING.
  9160 | D:10     | 9160 ||| FLEEEEING.
  9185 | D:10     | 9185 ||| FLEEEEING.
  9186 | D:10     | 9186 ||| FLEEEEING.
  9187 | D:10     | 9187 ||| FLEEEEING.
  9188 | D:10     | 9188 ||| FLEEEEING.
  9228 | D:10     | 9228 ||| FLEEEEING.
  9229 | D:10     | 9229 ||| FLEEEEING.
  9230 | D:10     | 9230 ||| FLEEEEING.
  9287 | D:10     | 9287 ||| FLEEEEING.
  9288 | D:10     | 9288 ||| FLEEEEING.
  9290 | D:10     | 9290 ||| FLEEEEING.
  9291 | D:10     | 9291 ||| FLEEEEING.
  9292 | D:10     | 9292 ||| FLEEEEING.
  9293 | D:10     | 9293 ||| FLEEEEING.
  9294 | D:10     | 9294 ||| FLEEEEING.
  9295 | D:10     | 9295 ||| FLEEEEING.
  9521 | D:11     | Noticed a two-headed ogre
  9540 | D:11     | Killed a two-headed ogre
  9553 | D:11     | Found a staircase to the Lair.
  9565 | D:11     | Identified the +5 ring mail of Resonance {-Cast Dex+6}
  9602 | D:11     | 9602 ||| Stepping ~*~*~tactically~*~*~ (hiding).
  9661 | D:11     | Noticed a two-headed ogre
  9672 | D:11     | Killed a two-headed ogre
  9711 | D:11     | 9711 ||| Stepping randomly (disturbance).
  9741 | D:11     | 9741 ||| FLEEEEING.
  9742 | D:11     | 9742 ||| FLEEEEING.
  9743 | D:11     | 9743 ||| FLEEEEING.
  9744 | D:11     | 9744 ||| FLEEEEING.
  9745 | D:11     | 9745 ||| FLEEEEING.
  9746 | D:11     | 9746 ||| FLEEEEING.
  9747 | D:11     | 9747 ||| FLEEEEING.
  9748 | D:11     | 9748 ||| FLEEEEING.
  9749 | D:11     | 9749 ||| FLEEEEING.
  9750 | D:11     | 9750 ||| FLEEEEING.
  9751 | D:11     | 9751 ||| FLEEEEING.
  9752 | D:11     | 9752 ||| FLEEEEING.
  9753 | D:11     | 9753 ||| FLEEEEING.
  9754 | D:11     | 9754 ||| FLEEEEING.
  9755 | D:11     | 9755 ||| FLEEEEING.
  9756 | D:11     | 9756 ||| FLEEEEING.
  9757 | D:11     | 9757 ||| FLEEEEING.
  9758 | D:11     | 9758 ||| FLEEEEING.
  9759 | D:11     | 9759 ||| FLEEEEING.
  9760 | D:11     | 9760 ||| FLEEEEING.
  9761 | D:11     | 9761 ||| FLEEEEING.
  9762 | D:11     | 9762 ||| FLEEEEING.
  9763 | D:11     | 9763 ||| FLEEEEING.
  9764 | D:11     | 9764 ||| FLEEEEING.
  9766 | D:11     | 9766 ||| FLEEEEING.
  9767 | D:11     | 9767 ||| FLEEEEING.
  9768 | D:11     | 9768 ||| FLEEEEING.
  9769 | D:11     | 9769 ||| FLEEEEING.
  9771 | D:11     | 9771 ||| FLEEEEING.
  9772 | D:11     | 9772 ||| FLEEEEING.
  9773 | D:11     | 9773 ||| FLEEEEING.
  9774 | D:11     | 9774 ||| FLEEEEING.
  9775 | D:11     | 9775 ||| FLEEEEING.
  9782 | D:11     | 9782 ||| FLEEEEING.
  9910 | D:11     | Noticed a four-headed hydra
  9911 | D:11     | 9911 ||| INVOKING Fiery Armour.
  9914 | D:11     | Killed a five-headed hydra
  9915 | D:11     | Reached skill level 16 in Unarmed Combat
  9915 | D:11     | 9915 ||| FLEEEEING.
  9916 | D:11     | 9916 ||| FLEEEEING.
  9921 | D:11     | 9921 ||| FLEEEEING.
  9923 | D:11     | 9923 ||| FLEEEEING.
  9999 | D:11     | 9999 ||| Stepping ~*~*~tactically~*~*~ (stealth).
 10000 | D:11     | 10000 ||| Stepping ~*~*~tactically~*~*~ (stealth).
 10019 | D:11     | 10019 ||| Stepping ~*~*~tactically~*~*~ (hiding).
 10140 | D:11     | 10140 ||| Stepping ~*~*~tactically~*~*~ (stealth).
 10142 | D:11     | 10142 ||| Stepping ~*~*~tactically~*~*~ (stealth).
 10144 | D:11     | 10144 ||| Stepping ~*~*~tactically~*~*~ (stealth).
 10156 | D:11     | 10156 ||| FLEEEEING.
 10157 | D:11     | 10157 ||| FLEEEEING.
 10158 | D:11     | 10158 ||| FLEEEEING.
 10159 | D:11     | 10159 ||| FLEEEEING.
 10266 | D:11     | 10266 ||| Stepping ~*~*~tactically~*~*~ (stealth).
 10337 | D:11     | Identified the +3 leather armour of Koino {rElec rF+ rC++
                  | Dex-5}
 10341 | D:11     | 10341 ||| PLANNING LAIR
 10341 | D:11     | 10341 ||| READING scroll labelled FOGEOLACYO.
 10367 | Lair:1   | Entered Level 1 of the Lair of Beasts
 10401 | Lair:1   | 10401 ||| INVOKING Fiery Armour.
 10403 | Lair:1   | 10403 ||| Stepping ~*~*~tactically~*~*~ (outnumbered).
 10406 | Lair:1   | 10406 ||| Stepping ~*~*~tactically~*~*~ (outnumbered).
 10408 | Lair:1   | 10408 ||| Stepping ~*~*~tactically~*~*~ (outnumbered).
 10408 | Lair:1   | Noticed Joseph
 10415 | Lair:1   | 10415 ||| Stepping ~*~*~tactically~*~*~ (outnumbered).
 10416 | Lair:1   | 10416 ||| Stepping ~*~*~tactically~*~*~ (outnumbered).
 10419 | Lair:1   | 10419 ||| Stepping ~*~*~tactically~*~*~ (outnumbered).
 10420 | Lair:1   | 10420 ||| Stepping ~*~*~tactically~*~*~ (outnumbered).
 10422 | Lair:1   | 10422 ||| Stepping ~*~*~tactically~*~*~ (outnumbered).
 10423 | Lair:1   | 10423 ||| Stepping ~*~*~tactically~*~*~ (outnumbered).
 10424 | Lair:1   | 10424 ||| Stepping ~*~*~tactically~*~*~ (outnumbered).
 10425 | Lair:1   | 10425 ||| Stepping ~*~*~tactically~*~*~ (outnumbered).
 10426 | Lair:1   | 10426 ||| Stepping ~*~*~tactically~*~*~ (outnumbered).
 10430 | Lair:1   | Reached skill level 3 in Dodging
 10432 | Lair:1   | 10432 ||| Stepping ~*~*~tactically~*~*~ (outnumbered).
 10445 | Lair:1   | Reached XP level 12. HP: 50/118 MP: 12/12
 10454 | Lair:1   | 10454 ||| Stepping ~*~*~tactically~*~*~ (outnumbered).
 10461 | Lair:1   | Killed Joseph
 10463 | Lair:1   | 10463 ||| Stepping ~*~*~tactically~*~*~ (outnumbered).
 11006 | Lair:1   | Found a dark tunnel.
 11149 | Lair:1   | 11149 ||| UPGRADING to +4 ring of evasion.
 11150 | Lair:1   | 11150 ||| DROPPING +6 ring of dexterity.
 11151 | Lair:1   | 11151 ||| READING 10 scrolls of identify.
 11151 | Lair:1   | 11151 ||| IDENTIFYING fizzy silvery potion
 11152 | Lair:1   | 11152 ||| DROPPING potion of invisibility.
 11186 | Lair:2   | You fall into a shaft and drop 1 floor!
 11308 | Lair:3   | Found the ring of the Mage {Wiz Archmagi}
 11366 | Lair:3   | 11366 ||| Stepping ~*~*~tactically~*~*~ (stealth).
 11373 | Lair:3   | 11373 ||| Stepping ~*~*~tactically~*~*~ (stealth).
 11374 | Lair:3   | 11374 ||| Stepping ~*~*~tactically~*~*~ (stealth).
 11385 | Lair:3   | Reached skill level 17 in Unarmed Combat
 11387 | Lair:3   | 11387 ||| INVOKING Fiery Armour.
 11498 | Lair:3   | 11498 ||| READING scroll labelled AWOUK UR QEU.
 11618 | Lair:2   | 11618 ||| Stepping ~*~*~tactically~*~*~ (outnumbered).
 11619 | Lair:2   | 11619 ||| Stepping ~*~*~tactically~*~*~ (outnumbered).
 11620 | Lair:2   | 11620 ||| Stepping ~*~*~tactically~*~*~ (outnumbered).
 11629 | Lair:2   | 11629 ||| FLEEEEING.
 11630 | Lair:2   | 11630 ||| FLEEEEING.
 11631 | Lair:2   | 11631 ||| FLEEEEING.
 11632 | Lair:2   | 11632 ||| FLEEEEING.
 11633 | Lair:2   | 11633 ||| FLEEEEING.
 11634 | Lair:2   | 11634 ||| FLEEEEING.
 11637 | Lair:2   | 11637 ||| Stepping ~*~*~tactically~*~*~ (outnumbered).
 11761 | Lair:2   | Found a staircase to the Shoals.
 11862 | Lair:2   | 11862 ||| Stepping ~*~*~tactically~*~*~ (outnumbered).
 11863 | Lair:2   | 11863 ||| Stepping ~*~*~tactically~*~*~ (outnumbered).
 11864 | Lair:2   | 11864 ||| Stepping ~*~*~tactically~*~*~ (outnumbered).
 11865 | Lair:2   | 11865 ||| Stepping ~*~*~tactically~*~*~ (outnumbered).
 11866 | Lair:2   | 11866 ||| Stepping ~*~*~tactically~*~*~ (outnumbered).
 11867 | Lair:2   | 11867 ||| Stepping ~*~*~tactically~*~*~ (outnumbered).
 11868 | Lair:2   | 11868 ||| Stepping ~*~*~tactically~*~*~ (outnumbered).
 11869 | Lair:2   | 11869 ||| Stepping ~*~*~tactically~*~*~ (outnumbered).
 11870 | Lair:2   | 11870 ||| Stepping ~*~*~tactically~*~*~ (outnumbered).
 11871 | Lair:2   | 11871 ||| Stepping ~*~*~tactically~*~*~ (outnumbered).
 11876 | Lair:2   | Reached skill level 18 in Unarmed Combat
 11948 | Lair:2   | Noticed a death yak
 11949 | Lair:2   | 11949 ||| INVOKING Fiery Armour.
 11950 | Lair:2   | Noticed a death yak
 11955 | Lair:2   | Noticed a death yak
 11959 | Lair:2   | Noticed a death yak
 11960 | Lair:2   | 11960 ||| Stepping ~*~*~tactically~*~*~ (outnumbered).
 11960 | Lair:2   | Noticed a death yak
 11961 | Lair:2   | 11961 ||| Stepping ~*~*~tactically~*~*~ (outnumbered).
 11962 | Lair:2   | 11962 ||| Stepping ~*~*~tactically~*~*~ (outnumbered).
 11963 | Lair:2   | 11963 ||| Stepping ~*~*~tactically~*~*~ (outnumbered).
 11964 | Lair:2   | 11964 ||| Stepping ~*~*~tactically~*~*~ (outnumbered).
 11965 | Lair:2   | 11965 ||| Stepping ~*~*~tactically~*~*~ (outnumbered).
 11966 | Lair:2   | 11966 ||| Stepping ~*~*~tactically~*~*~ (outnumbered).
 11968 | Lair:2   | 11968 ||| Stepping ~*~*~tactically~*~*~ (outnumbered).
 11971 | Lair:2   | Killed a death yak
 11972 | Lair:2   | 11972 ||| FLEEEEING.
 11973 | Lair:2   | 11973 ||| FLEEEEING.
 11974 | Lair:2   | 11974 ||| FLEEEEING.
 11975 | Lair:2   | 11975 ||| FLEEEEING.
 11976 | Lair:2   | 11976 ||| FLEEEEING.
 11977 | Lair:2   | 11977 ||| FLEEEEING.
 11978 | Lair:2   | 11978 ||| FLEEEEING.
 11983 | Lair:2   | 11983 ||| Stepping ~*~*~tactically~*~*~ (outnumbered).
 11984 | Lair:2   | 11984 ||| Stepping ~*~*~tactically~*~*~ (outnumbered).
 11985 | Lair:2   | 11985 ||| Stepping ~*~*~tactically~*~*~ (outnumbered).
 11986 | Lair:2   | 11986 ||| Stepping ~*~*~tactically~*~*~ (outnumbered).
 11987 | Lair:2   | 11987 ||| Stepping ~*~*~tactically~*~*~ (outnumbered).
 11988 | Lair:2   | 11988 ||| Stepping ~*~*~tactically~*~*~ (outnumbered).
 11989 | Lair:2   | 11989 ||| Stepping ~*~*~tactically~*~*~ (outnumbered).
 11990 | Lair:2   | 11990 ||| Stepping ~*~*~tactically~*~*~ (outnumbered).
 11991 | Lair:2   | 11991 ||| Stepping ~*~*~tactically~*~*~ (outnumbered).
 11993 | Lair:2   | 11993 ||| Stepping ~*~*~tactically~*~*~ (outnumbered).
 11994 | Lair:2   | 11994 ||| Stepping ~*~*~tactically~*~*~ (outnumbered).
 12000 | Lair:2   | 12000 ||| Stepping ~*~*~tactically~*~*~ (outnumbered).
 12001 | Lair:2   | 12001 ||| Stepping ~*~*~tactically~*~*~ (outnumbered).
 12002 | Lair:2   | 12002 ||| Stepping ~*~*~tactically~*~*~ (outnumbered).
 12004 | Lair:2   | 12004 ||| Stepping ~*~*~tactically~*~*~ (outnumbered).
 12005 | Lair:2   | 12005 ||| Stepping ~*~*~tactically~*~*~ (outnumbered).
 12006 | Lair:2   | 12006 ||| Stepping ~*~*~tactically~*~*~ (outnumbered).
 12007 | Lair:2   | 12007 ||| Stepping ~*~*~tactically~*~*~ (outnumbered).
 12010 | Lair:2   | Killed a death yak
 12014 | Lair:2   | 12014 ||| Stepping ~*~*~tactically~*~*~ (outnumbered).
 12015 | Lair:2   | 12015 ||| Stepping ~*~*~tactically~*~*~ (outnumbered).
 12017 | Lair:2   | 12017 ||| Stepping ~*~*~tactically~*~*~ (outnumbered).
 12018 | Lair:2   | 12018 ||| Stepping ~*~*~tactically~*~*~ (outnumbered).
 12023 | Lair:2   | Killed a death yak
 12039 | Lair:2   | Reached XP level 13. HP: 41/127 MP: 13/13
 12043 | Lair:2   | 12043 ||| Stepping ~*~*~tactically~*~*~ (stealth).
 12166 | Lair:2   | 12166 ||| INVOKING Fiery Armour.
 12177 | Lair:2   | 12177 ||| Stepping ~*~*~tactically~*~*~ (outnumbered).
 12178 | Lair:2   | 12178 ||| Stepping ~*~*~tactically~*~*~ (outnumbered).
 12179 | Lair:2   | 12179 ||| Stepping ~*~*~tactically~*~*~ (outnumbered).
 12180 | Lair:2   | 12180 ||| Stepping ~*~*~tactically~*~*~ (outnumbered).
 12181 | Lair:2   | 12181 ||| Stepping ~*~*~tactically~*~*~ (outnumbered).
 12182 | Lair:2   | 12182 ||| Stepping ~*~*~tactically~*~*~ (outnumbered).
 12183 | Lair:2   | 12183 ||| Stepping ~*~*~tactically~*~*~ (outnumbered).
 12184 | Lair:2   | 12184 ||| Stepping ~*~*~tactically~*~*~ (outnumbered).
 12185 | Lair:2   | 12185 ||| Stepping ~*~*~tactically~*~*~ (outnumbered).
 12188 | Lair:2   | 12188 ||| Stepping ~*~*~tactically~*~*~ (outnumbered).
 12189 | Lair:2   | 12189 ||| Stepping ~*~*~tactically~*~*~ (outnumbered).
 12190 | Lair:2   | 12190 ||| Stepping ~*~*~tactically~*~*~ (outnumbered).
 12191 | Lair:2   | 12191 ||| Stepping ~*~*~tactically~*~*~ (outnumbered).
 12192 | Lair:2   | 12192 ||| Stepping ~*~*~tactically~*~*~ (outnumbered).
 12580 | Lair:2   | 12580 ||| PLANNING TEMPLE
 12580 | Lair:2   | 12580 ||| UPGRADING to +2 hat.
 12585 | Lair:2   | 12585 ||| READING 9 scrolls of identify.
 12585 | Lair:2   | 12585 ||| IDENTIFYING golden potion
 12586 | Lair:2   | 12586 ||| READING 8 scrolls of identify.
 12586 | Lair:2   | 12586 ||| IDENTIFYING lumpy emerald potion
 12587 | Lair:2   | 12587 ||| DROPPING potion of brilliance.
 12588 | Lair:2   | 12588 ||| DROPPING potion of berserk rage.
 12648 | D:11     | 12648 ||| Stepping ~*~*~tactically~*~*~ (hiding).
 12873 | Temple   | Entered the Ecumenical Temple
 12890 | Temple   | 12890 ||| PLANNING CONVERSION TO OKAWARU
 12897 | Temple   | Fell from the grace of Ignis
 12897 | Temple   | Became a worshipper of Warmaster Okawaru
 12898 | Temple   | 12898 ||| PLANNING LAIR
 13233 | Lair:3   | Found a staircase to the Snake Pit.
 13234 | Lair:3   | 13234 ||| Stepping ~*~*~tactically~*~*~ (hiding).
 13575 | Lair:3   | 13575 ||| DROPPING +6 ring of strength.
 13701 | Lair:4   | 13701 ||| FLEEEEING.
 13702 | Lair:4   | 13702 ||| FLEEEEING.
 13705 | Lair:4   | 13705 ||| FLEEEEING.
 13706 | Lair:4   | 13706 ||| FLEEEEING.
 13707 | Lair:4   | 13707 ||| FLEEEEING.
 13708 | Lair:4   | 13708 ||| FLEEEEING.
 13709 | Lair:4   | 13709 ||| FLEEEEING.
 13710 | Lair:4   | 13710 ||| FLEEEEING.
 13711 | Lair:4   | 13711 ||| FLEEEEING.
 13712 | Lair:4   | 13712 ||| FLEEEEING.
 13713 | Lair:4   | 13713 ||| FLEEEEING.
 13714 | Lair:4   | 13714 ||| FLEEEEING.
 13715 | Lair:4   | 13715 ||| FLEEEEING.
 13716 | Lair:4   | 13716 ||| FLEEEEING.
 13717 | Lair:4   | 13717 ||| FLEEEEING.
 13718 | Lair:4   | 13718 ||| FLEEEEING.
 13719 | Lair:4   | 13719 ||| FLEEEEING.
 13720 | Lair:4   | 13720 ||| FLEEEEING.
 13721 | Lair:4   | 13721 ||| FLEEEEING.
 13722 | Lair:4   | 13722 ||| FLEEEEING.
 13723 | Lair:4   | 13723 ||| FLEEEEING.
 13724 | Lair:4   | 13724 ||| FLEEEEING.
 13726 | Lair:4   | 13726 ||| FLEEEEING.
 13727 | Lair:4   | 13727 ||| FLEEEEING.
 13728 | Lair:4   | 13728 ||| FLEEEEING.
 13729 | Lair:4   | 13729 ||| STAIRDANCE
 13738 | Lair:4   | 13738 ||| STAIRDANCE
 14126 | Lair:4   | Reached * piety under Okawaru
 14151 | Lair:4   | 14151 ||| Stepping ~*~*~tactically~*~*~ (outnumbered).
 14159 | Lair:4   | 14159 ||| INVOKING Heroism.
 14217 | Lair:4   | 14217 ||| Stepping ~*~*~tactically~*~*~ (hiding).
 14218 | Lair:4   | 14218 ||| Stepping ~*~*~tactically~*~*~ (hiding).
 14227 | Lair:4   | Reached skill level 19 in Unarmed Combat
 14246 | Lair:4   | Found an opulent altar of Gozag.
 14529 | Lair:4   | 14529 ||| DROPPING ring of see invisible.
 14589 | Lair:5   | Entered Level 5 of the Lair of Beasts
 14592 | Lair:5   | 14592 ||| Stepping ~*~*~tactically~*~*~ (stealth).
 14593 | Lair:5   | 14593 ||| INVOKING Heroism.
 14599 | Lair:5   | Reached skill level 1 in Invocations
 14615 | Lair:5   | 14615 ||| Stepping ~*~*~tactically~*~*~ (stealth).
 14617 | Lair:5   | 14617 ||| Stepping ~*~*~tactically~*~*~ (outnumbered).
 14627 | Lair:5   | 14627 ||| FLEEEEING.
 14628 | Lair:5   | 14628 ||| FLEEEEING.
 14629 | Lair:5   | 14629 ||| INVOKING Heroism.
 14631 | Lair:5   | 14631 ||| Stepping ~*~*~tactically~*~*~ (outnumbered).
 14632 | Lair:5   | 14632 ||| Stepping ~*~*~tactically~*~*~ (outnumbered).
 14634 | Lair:5   | 14634 ||| Stepping ~*~*~tactically~*~*~ (outnumbered).
 14637 | Lair:5   | 14637 ||| Stepping ~*~*~tactically~*~*~ (outnumbered).
 14638 | Lair:5   | 14638 ||| Stepping ~*~*~tactically~*~*~ (outnumbered).
 14639 | Lair:5   | 14639 ||| Stepping ~*~*~tactically~*~*~ (outnumbered).
 14644 | Lair:5   | 14644 ||| Stepping ~*~*~tactically~*~*~ (outnumbered).
 14645 | Lair:5   | 14645 ||| Stepping ~*~*~tactically~*~*~ (stealth).
 14647 | Lair:5   | 14647 ||| Stepping ~*~*~tactically~*~*~ (stealth).
 14649 | Lair:5   | Reached ** piety under Okawaru
 14650 | Lair:5   | 14650 ||| INVOKING Heroism.
 14658 | Lair:5   | 14658 ||| Stepping ~*~*~tactically~*~*~ (outnumbered).
 14669 | Lair:5   | Reached skill level 3 in Invocations
 14699 | Lair:5   | 14699 ||| Stepping ~*~*~tactically~*~*~ (stealth).
 14701 | Lair:5   | 14701 ||| INVOKING Heroism.
 14705 | Lair:5   | 14705 ||| Stepping ~*~*~tactically~*~*~ (outnumbered).
 14706 | Lair:5   | 14706 ||| Stepping ~*~*~tactically~*~*~ (outnumbered).
 14707 | Lair:5   | 14707 ||| Stepping ~*~*~tactically~*~*~ (outnumbered).
 14708 | Lair:5   | 14708 ||| Stepping ~*~*~tactically~*~*~ (outnumbered).
 14720 | Lair:5   | 14720 ||| INVOKING Heroism.
 14721 | Lair:5   | 14721 ||| Stepping ~*~*~tactically~*~*~ (outnumbered).
 14722 | Lair:5   | 14722 ||| Stepping ~*~*~tactically~*~*~ (outnumbered).
 14723 | Lair:5   | 14723 ||| Stepping ~*~*~tactically~*~*~ (stealth).
 14725 | Lair:5   | 14725 ||| Stepping ~*~*~tactically~*~*~ (stealth).
 14729 | Lair:5   | Reached *** piety under Okawaru
 14730 | Lair:5   | Reached skill level 9 in Fighting
 14740 | Lair:5   | 14740 ||| Stepping ~*~*~tactically~*~*~ (outnumbered).
 14741 | Lair:5   | 14741 ||| Stepping ~*~*~tactically~*~*~ (outnumbered).
 14742 | Lair:5   | 14742 ||| Stepping ~*~*~tactically~*~*~ (outnumbered).
 14743 | Lair:5   | 14743 ||| Stepping ~*~*~tactically~*~*~ (outnumbered).
 14744 | Lair:5   | 14744 ||| Stepping ~*~*~tactically~*~*~ (outnumbered).
 14747 | Lair:5   | 14747 ||| Stepping ~*~*~tactically~*~*~ (outnumbered).
 14751 | Lair:5   | 14751 ||| Stepping ~*~*~tactically~*~*~ (outnumbered).
 14752 | Lair:5   | 14752 ||| INVOKING Heroism.
 14753 | Lair:5   | 14753 ||| Stepping ~*~*~tactically~*~*~ (outnumbered).
 14755 | Lair:5   | 14755 ||| Stepping ~*~*~tactically~*~*~ (outnumbered).
 14756 | Lair:5   | 14756 ||| Stepping ~*~*~tactically~*~*~ (outnumbered).
 14757 | Lair:5   | 14757 ||| Stepping ~*~*~tactically~*~*~ (outnumbered).
 14845 | Lair:5   | 14845 ||| Stepping ~*~*~tactically~*~*~ (stealth).
 14850 | Lair:5   | 14850 ||| Stepping ~*~*~tactically~*~*~ (stealth).
 14851 | Lair:5   | 14851 ||| INVOKING Heroism.
 14852 | Lair:5   | 14852 ||| Stepping ~*~*~tactically~*~*~ (stealth).
 14865 | Lair:5   | 14865 ||| Stepping ~*~*~tactically~*~*~ (hiding).
 14872 | Lair:5   | Received a gift from Okawaru
 14880 | Lair:5   | 14880 ||| Stepping ~*~*~tactically~*~*~ (stealth).
 14882 | Lair:5   | 14882 ||| Stepping ~*~*~tactically~*~*~ (stealth).
 14885 | Lair:5   | 14885 ||| Stepping ~*~*~tactically~*~*~ (stealth).
 14886 | Lair:5   | 14886 ||| Stepping ~*~*~tactically~*~*~ (stealth).
 14984 | Lair:5   | 14984 ||| Stepping ~*~*~tactically~*~*~ (stealth).
 14997 | Lair:5   | 14997 ||| INVOKING Heroism.
 15001 | Lair:5   | Reached **** piety under Okawaru
 15003 | Lair:5   | 15003 ||| Stepping ~*~*~tactically~*~*~ (stealth).
 15007 | Lair:5   | 15007 ||| Stepping ~*~*~tactically~*~*~ (stealth).
 15012 | Lair:5   | 15012 ||| INVOKING Heroism.
 15015 | Lair:5   | Reached XP level 14. HP: 140/140 MP: 13/16
 15016 | Lair:5   | 15016 ||| Stepping ~*~*~tactically~*~*~ (stealth).
 15021 | Lair:5   | 15021 ||| Stepping ~*~*~tactically~*~*~ (stealth).
 15023 | Lair:5   | 15023 ||| Stepping ~*~*~tactically~*~*~ (outnumbered).
 15029 | Lair:5   | 15029 ||| FLEEEEING.
 15030 | Lair:5   | 15030 ||| FLEEEEING.
 15031 | Lair:5   | 15031 ||| FLEEEEING.
 15032 | Lair:5   | 15032 ||| FLEEEEING.
 15033 | Lair:5   | 15033 ||| FLEEEEING.
 15034 | Lair:5   | 15034 ||| FLEEEEING.
 15035 | Lair:5   | 15035 ||| FLEEEEING.
 15036 | Lair:5   | 15036 ||| FLEEEEING.
 15120 | Lair:5   | 15120 ||| Stepping ~*~*~tactically~*~*~ (stealth).
 15122 | Lair:5   | 15122 ||| Stepping ~*~*~tactically~*~*~ (stealth).
 15123 | Lair:5   | 15123 ||| Stepping ~*~*~tactically~*~*~ (stealth).
 15125 | Lair:5   | Received a gift from Okawaru
 15148 | Lair:5   | Found a viscous altar of Jiyva.
 15148 | Lair:5   | Found a staircase to the Slime Pits.
 15226 | Lair:5   | 15226 ||| Stepping ~*~*~tactically~*~*~ (stealth).
 15228 | Lair:5   | 15228 ||| INVOKING Heroism.
 15231 | Lair:5   | 15231 ||| Stepping ~*~*~tactically~*~*~ (stealth).
 15251 | Lair:5   | 15251 ||| Stepping ~*~*~tactically~*~*~ (stealth).
 15254 | Lair:5   | 15254 ||| Stepping ~*~*~tactically~*~*~ (stealth).
 15258 | Lair:5   | 15258 ||| Stepping ~*~*~tactically~*~*~ (stealth).
 15275 | Lair:5   | 15275 ||| Stepping ~*~*~tactically~*~*~ (stealth).
 15277 | Lair:5   | 15277 ||| INVOKING Heroism.
 15324 | Lair:5   | 15324 ||| Stepping ~*~*~tactically~*~*~ (stealth).
 15326 | Lair:5   | 15326 ||| INVOKING Heroism.
 15364 | Lair:5   | 15364 ||| Stepping ~*~*~tactically~*~*~ (hiding).
 15365 | Lair:5   | 15365 ||| Stepping ~*~*~tactically~*~*~ (hiding).
 15369 | Lair:5   | 15369 ||| INVOKING Heroism.
 15503 | Lair:5   | 15503 ||| Stepping ~*~*~tactically~*~*~ (stealth).
 15505 | Lair:5   | 15505 ||| Stepping ~*~*~tactically~*~*~ (outnumbered).
 15554 | Lair:5   | 15554 ||| Stepping ~*~*~tactically~*~*~ (stealth).
 15605 | Lair:5   | Reached skill level 6 in Invocations
 15677 | Lair:5   | 15677 ||| Stepping ~*~*~tactically~*~*~ (stealth).
 15679 | Lair:5   | Identified the +1 robe of Lies {Will+}
 15683 | Lair:5   | Reached ***** piety under Okawaru
 15859 | Lair:5   | 15859 ||| Stepping ~*~*~tactically~*~*~ (stealth).
 15862 | Lair:5   | 15862 ||| INVOKING Heroism.
 15863 | Lair:5   | 15863 ||| Stepping ~*~*~tactically~*~*~ (outnumbered).
 15867 | Lair:5   | Reached skill level 20 in Unarmed Combat
 15880 | Lair:5   | 15880 ||| Stepping ~*~*~tactically~*~*~ (stealth).
 15890 | Lair:5   | 15890 ||| Stepping ~*~*~tactically~*~*~ (hiding).
 15895 | Lair:5   | 15895 ||| Stepping ~*~*~tactically~*~*~ (hiding).
 15903 | Lair:5   | 15903 ||| Stepping ~*~*~tactically~*~*~ (stealth).
 15924 | Lair:5   | 15924 ||| INVOKING Heroism.
 15925 | Lair:5   | 15925 ||| Stepping ~*~*~tactically~*~*~ (outnumbered).
 15927 | Lair:5   | 15927 ||| INVOKING Finesse.
 15928 | Lair:5   | 15928 ||| Stepping ~*~*~tactically~*~*~ (outnumbered).
 15945 | Lair:5   | Received a gift from Okawaru
 15994 | Lair:5   | 15994 ||| Stepping ~*~*~tactically~*~*~ (stealth).
 15996 | Lair:5   | 15996 ||| Stepping ~*~*~tactically~*~*~ (stealth).
 16001 | Lair:5   | 16001 ||| Stepping ~*~*~tactically~*~*~ (outnumbered).
 16003 | Lair:5   | Reached skill level 6 in Throwing
 16005 | Lair:5   | 16005 ||| INVOKING Heroism.
 16021 | Lair:5   | 16021 ||| Stepping ~*~*~tactically~*~*~ (stealth).
 16023 | Lair:5   | 16023 ||| Stepping ~*~*~tactically~*~*~ (stealth).
 16029 | Lair:5   | 16029 ||| Stepping ~*~*~tactically~*~*~ (stealth).
 16055 | Lair:5   | 16055 ||| INVOKING Heroism.
 16056 | Lair:5   | 16056 ||| INVOKING Finesse.
 16067 | Lair:5   | 16067 ||| Stepping ~*~*~tactically~*~*~ (stealth).
 16082 | Lair:5   | 16082 ||| INVOKING Heroism.
 16097 | Lair:5   | 16097 ||| Stepping ~*~*~tactically~*~*~ (hiding).
 16156 | Lair:5   | Identified the +0 robe "Tucloan" {+Blink rN++ Will- Str+3}
 16173 | Lair:5   | 16173 ||| READING scroll of enchant armour.
 16173 | Lair:5   | 16173 ||| ENCHANTING +1 cloak of poison resistance.
 16244 | Lair:5   | 16244 ||| Stepping ~*~*~tactically~*~*~ (hiding).
 16280 | Lair:5   | 16280 ||| INVOKING Heroism.
 16287 | Lair:5   | Identified the +1 robe "Peliag" {rN+ MP+9 Int+4 Dex-5}
                  | (Okawaru gifted it to you on level 5 of the Lair of Beasts)
 16287 | Lair:5   | Received a gift from Okawaru
 16301 | Lair:5   | 16301 ||| Stepping ~*~*~tactically~*~*~ (stealth).
 16304 | Lair:5   | 16304 ||| Stepping ~*~*~tactically~*~*~ (stealth).
 16308 | Lair:5   | 16308 ||| Stepping ~*~*~tactically~*~*~ (stealth).
 16565 | Lair:5   | 16565 ||| Stepping ~*~*~tactically~*~*~ (hiding).
 16566 | Lair:5   | 16566 ||| Stepping ~*~*~tactically~*~*~ (hiding).
 16577 | Lair:5   | 16577 ||| INVOKING Heroism.
 16679 | Lair:5   | 16679 ||| PLANNING D
 16679 | Lair:5   | 16679 ||| DROPPING +1 robe of Lies {Will+}.
 16680 | Lair:5   | 16680 ||| DROPPING +0 robe "Tucloan" {+Blink rN++ Will-
                  | Str+3}.
 16681 | Lair:5   | 16681 ||| DROPPING +1 robe "Peliag" {rN+ MP+9 Int+4 Dex-5}.
 16682 | Lair:5   | 16682 ||| DRINKING 3 sapphire potions.
 16683 | Lair:5   | 16683 ||| READING 11 scrolls of identify.
 16683 | Lair:5   | 16683 ||| IDENTIFYING fuming orange potion
 16684 | Lair:5   | 16684 ||| DROPPING 2 potions of degeneration.
 16804 | D:12     | Noticed Frances
 16805 | D:12     | 16805 ||| INVOKING Heroism.
 16806 | D:12     | 16806 ||| INVOKING Finesse.
 16812 | D:12     | Killed Frances
 16825 | D:12     | 16825 ||| Stepping ~*~*~tactically~*~*~ (stealth).
 16828 | D:12     | 16828 ||| Stepping ~*~*~tactically~*~*~ (stealth).
 16829 | D:12     | 16829 ||| Stepping ~*~*~tactically~*~*~ (stealth).
 16830 | D:12     | 16830 ||| Stepping ~*~*~tactically~*~*~ (stealth).
 16858 | D:12     | 16858 ||| Stepping ~*~*~tactically~*~*~ (outnumbered).
 16860 | D:12     | 16860 ||| Stepping ~*~*~tactically~*~*~ (outnumbered).
 16861 | D:12     | 16861 ||| Stepping ~*~*~tactically~*~*~ (outnumbered).
 16862 | D:12     | 16862 ||| Stepping ~*~*~tactically~*~*~ (outnumbered).
 16879 | D:12     | 16879 ||| Stepping ~*~*~tactically~*~*~ (stealth).
 16888 | D:12     | 16888 ||| Stepping ~*~*~tactically~*~*~ (stealth).
 16915 | D:12     | 16915 ||| INVOKING Heroism.
 16916 | D:12     | 16916 ||| INVOKING Finesse.
 16938 | D:12     | You fall into a shaft and drop 2 floors!
 16959 | D:14     | Found a gate to the Vaults.
 16960 | D:14     | 16960 ||| INVOKING Heroism.
 16967 | D:14     | 16967 ||| Stepping ~*~*~tactically~*~*~ (outnumbered).
 16973 | D:14     | HP: 35/140 [tengu warrior/+0 dire flail (10)]
 16974 | D:14     | 16974 ||| READING 7 scrolls of teleportation.
 16975 | D:14     | 16975 ||| DRINKING 3 potions of heal wounds.
 17087 | D:14     | Found Celeg's Magic Scroll Boutique.
 17204 | D:14     | 17204 ||| Stepping ~*~*~tactically~*~*~ (stealth).
 17206 | D:14     | 17206 ||| Stepping ~*~*~tactically~*~*~ (hiding).
 17212 | D:14     | 17212 ||| INVOKING Heroism.
 17213 | D:14     | 17213 ||| INVOKING Finesse.
 17218 | D:14     | 17218 ||| Stepping ~*~*~tactically~*~*~ (outnumbered).
 17232 | D:14     | 17232 ||| Stepping ~*~*~tactically~*~*~ (outnumbered).
 17271 | D:14     | Noticed Rupert
 17272 | D:14     | 17272 ||| Stepping ~*~*~tactically~*~*~ (stealth).
 17274 | D:14     | 17274 ||| Stepping ~*~*~tactically~*~*~ (stealth).
 17276 | D:14     | 17276 ||| Stepping ~*~*~tactically~*~*~ (stealth).
 17277 | D:14     | 17277 ||| Stepping ~*~*~tactically~*~*~ (stealth).
 17284 | D:14     | 17284 ||| INVOKING Heroism.
 17292 | D:14     | Killed Rupert
 17293 | D:14     | Reached skill level 6 in Armour
 17383 | D:14     | Found Haveabb's Antique Armour Shoppe.
 17384 | D:14     | 17384 ||| READING scroll labelled OMOEFR LUTE.
 17385 | D:14     | 17385 ||| READING 12 scrolls of identify.
 17385 | D:14     | 17385 ||| IDENTIFYING metallic silvery potion
 17391 | D:13     | 17391 ||| PLANNING GAUNTLET
 17442 | D:13     | 17442 ||| Stepping ~*~*~tactically~*~*~ (stealth).
 17460 | D:13     | 17460 ||| Stepping ~*~*~tactically~*~*~ (stealth).
 17493 | D:13     | 17493 ||| Stepping ~*~*~tactically~*~*~ (outnumbered).
 17494 | D:13     | 17494 ||| Stepping ~*~*~tactically~*~*~ (outnumbered).
 17495 | D:13     | 17495 ||| Stepping ~*~*~tactically~*~*~ (outnumbered).
 17496 | D:13     | 17496 ||| Stepping ~*~*~tactically~*~*~ (outnumbered).
 17602 | D:13     | 17602 ||| INVOKING Heroism.
 17681 | D:13     | Found a gate leading to a gauntlet.
 17686 | D:13     | 17686 ||| INVOKING Heroism.
 17770 | Gauntlet | Entered a Gauntlet
 17770 | Gauntlet | Found a transporter.
 17770 | Gauntlet | Found a transporter.
 17770 | Gauntlet | Found a transporter.
 17771 | Gauntlet | Found a transporter.
 17772 | Gauntlet | Found a transporter.
 17775 | Gauntlet | Found a transporter.
 17782 | Gauntlet | Found a transporter.
 17784 | Gauntlet | Found a transporter.
 17784 | Gauntlet | Found a transporter.
 17786 | Gauntlet | Found a transporter.
 17794 | Gauntlet | Found a transporter.
 17794 | Gauntlet | Found a transporter.
 17942 | Gauntlet | 17942 ||| INVOKING Heroism.
 17947 | Gauntlet | 17947 ||| Stepping ~*~*~tactically~*~*~ (cloud).
 17982 | Gauntlet | 17982 ||| Stepping ~*~*~tactically~*~*~ (outnumbered).
 17984 | Gauntlet | Reached XP level 15. HP: 139/146 MP: 20/20
 18068 | Gauntlet | Identified the ring "Acsarhur" {rF+ rC+ Will+ rCorr Dex-3}
 18072 | Gauntlet | 18072 ||| UPGRADING to ring "Acsarhur" {rF+ rC+ Will+ rCorr
                  | Dex-3}.
 18091 | Gauntlet | Identified the ring "Jievaco" {rPois rC- EV+4 Str+3 Stlth+}
 18092 | Gauntlet | 18092 ||| INVOKING Heroism.
 18097 | Gauntlet | Reached skill level 9 in Invocations
 18111 | Gauntlet | Identified the +2 helmet of Xuehy {rElec rPois Regen+
                  | Str+4}
 18128 | Gauntlet | 18128 ||| UPGRADING to ring "Jievaco" {rPois rC- EV+4 Str+3
                  | Stlth+}.
 18143 | D:13     | 18143 ||| PLANNING D
 18180 | D:13     | 18180 ||| INVOKING Heroism.
 18182 | D:13     | 18182 ||| Stepping ~*~*~tactically~*~*~ (outnumbered).
 18183 | D:13     | 18183 ||| Stepping ~*~*~tactically~*~*~ (outnumbered).
 18184 | D:13     | 18184 ||| Stepping ~*~*~tactically~*~*~ (outnumbered).
 18185 | D:13     | 18185 ||| Stepping ~*~*~tactically~*~*~ (outnumbered).
 18186 | D:13     | 18186 ||| Stepping ~*~*~tactically~*~*~ (outnumbered).
 18187 | D:13     | 18187 ||| Stepping ~*~*~tactically~*~*~ (outnumbered).
 18188 | D:13     | 18188 ||| Stepping ~*~*~tactically~*~*~ (outnumbered).
 18189 | D:13     | 18189 ||| Stepping ~*~*~tactically~*~*~ (outnumbered).
 18190 | D:13     | 18190 ||| Stepping ~*~*~tactically~*~*~ (outnumbered).
 18191 | D:13     | 18191 ||| Stepping ~*~*~tactically~*~*~ (outnumbered).
 18192 | D:13     | 18192 ||| Stepping ~*~*~tactically~*~*~ (outnumbered).
 18193 | D:13     | 18193 ||| Stepping ~*~*~tactically~*~*~ (outnumbered).
 18196 | D:13     | 18196 ||| Stepping ~*~*~tactically~*~*~ (outnumbered).
 18206 | D:13     | 18206 ||| Stepping ~*~*~tactically~*~*~ (hiding).
 18213 | D:13     | Noticed Erolcha
 18219 | D:13     | Received a gift from Okawaru
 18223 | D:13     | Killed Erolcha
 18305 | D:12     | Noticed Kirke
 18306 | D:12     | 18306 ||| INVOKING Heroism.
 18307 | D:12     | 18307 ||| INVOKING Finesse.
 18327 | D:12     | Killed Kirke
 18377 | D:12     | 18377 ||| Stepping ~*~*~tactically~*~*~ (outnumbered).
 18399 | D:12     | 18399 ||| INVOKING Heroism.
 18400 | D:12     | 18400 ||| INVOKING Finesse.
 18448 | D:12     | Noticed a sphinx
 18451 | D:12     | Received a gift from Okawaru
 18455 | D:12     | Killed a sphinx
 18487 | D:12     | 18487 ||| Stepping ~*~*~tactically~*~*~ (hiding).
 18528 | D:12     | 18528 ||| Stepping ~*~*~tactically~*~*~ (stealth).
 18536 | D:12     | Received a gift from Okawaru
 18537 | D:12     | 18537 ||| FLEEEEING.
 18538 | D:12     | 18538 ||| FLEEEEING.
 18539 | D:12     | 18539 ||| FLEEEEING.
 18540 | D:12     | 18540 ||| FLEEEEING.
 18541 | D:12     | 18541 ||| FLEEEEING.
 18542 | D:12     | 18542 ||| FLEEEEING.
 18543 | D:12     | 18543 ||| FLEEEEING.
 18545 | D:12     | 18545 ||| FLEEEEING.
 18546 | D:12     | 18546 ||| FLEEEEING.
 18547 | D:12     | 18547 ||| FLEEEEING.
 18548 | D:12     | 18548 ||| FLEEEEING.
 18549 | D:12     | 18549 ||| FLEEEEING.
 18550 | D:12     | 18550 ||| FLEEEEING.
 18551 | D:12     | 18551 ||| FLEEEEING.
 18582 | D:12     | You fall into a shaft and drop 2 floors!
 18582 | D:14     | Was forgiven by Ignis
 18672 | D:14     | 18672 ||| BUYING embroidered robe (114 gold).
 18672 | D:14     | Bought an embroidered robe for 114 gold pieces
 18701 | D:14     | 18701 ||| Stepping ~*~*~tactically~*~*~ (stealth).
 18703 | D:14     | 18703 ||| Stepping ~*~*~tactically~*~*~ (hiding).
 18722 | D:14     | 18722 ||| FLEEEEING.
 18723 | D:14     | 18723 ||| FLEEEEING.
 18724 | D:14     | 18724 ||| FLEEEEING.
 18725 | D:14     | 18725 ||| FLEEEEING.
 18726 | D:14     | 18726 ||| FLEEEEING.
 18727 | D:14     | 18727 ||| FLEEEEING.
 18736 | D:14     | 18736 ||| FLEEEEING.
 18748 | D:14     | Reached skill level 9 in Throwing
 18796 | D:14     | 18796 ||| DROPPING +0 robe of positive energy.
 18934 | D:12     | 18934 ||| Stepping ~*~*~tactically~*~*~ (stealth).
 18935 | D:12     | 18935 ||| Stepping ~*~*~tactically~*~*~ (stealth).
 18947 | D:12     | 18947 ||| INVOKING Heroism.
 19157 | D:12     | Noticed Josephine
 19158 | D:12     | 19158 ||| Stepping ~*~*~tactically~*~*~ (hiding).
 19265 | D:12     | 19265 ||| Stepping ~*~*~tactically~*~*~ (hiding).
 19270 | D:12     | Killed Josephine
 19487 | D:12     | Identified a scroll of acquirement
 19494 | D:12     | 19494 ||| READING scroll of acquirement.
 19494 | D:12     | 19494 ||| ACQUIRING amulet of Muicsak {RegenMP Harm SInv}
 19494 | D:12     | Acquired the amulet of Muicsak {RegenMP Harm SInv}
 19556 | D:12     | 19556 ||| DROPPING amulet of magic regeneration.
 20069 | D:14     | Received a gift from Okawaru
 20115 | D:14     | Found Faok's Magic Scroll Shop.
 20118 | D:14     | 20118 ||| Stepping ~*~*~tactically~*~*~ (hiding).
 20231 | D:14     | 20231 ||| BUYING scroll of enchant weapon (120 gold).
 20231 | D:14     | Bought a scroll of enchant weapon for 120 gold pieces
 20231 | D:14     | 20231 ||| BUYING scroll of teleportation (48 gold).
 20231 | D:14     | Bought a scroll of teleportation for 48 gold pieces
 20231 | D:14     | 20231 ||| BUYING scroll of teleportation (48 gold).
 20231 | D:14     | Bought a scroll of teleportation for 48 gold pieces
 20235 | D:14     | 20235 ||| READING scroll of acquirement.
 20235 | D:14     | 20235 ||| ACQUIRING +2 tower shield of reflection
 20235 | D:14     | Acquired a +2 tower shield of reflection
 20237 | D:14     | 20237 ||| UPGRADING to +2 tower shield of reflection.
 20247 | D:14     | Found Goajo's Magic Scroll Emporium.
 20252 | D:14     | 20252 ||| BUYING scroll of enchant weapon (142 gold).
 20252 | D:14     | Bought a scroll of enchant weapon for 142 gold pieces
 20307 | D:14     | Reached skill level 1 in Shields
 20460 | D:14     | Found Vihitur Doto's Book Boutique.
 20675 | D:15     | Entered Level 15 of the Dungeon
 20688 | D:15     | 20688 ||| Stepping ~*~*~tactically~*~*~ (stealth).
 20690 | D:15     | 20690 ||| INVOKING Heroism.
 20691 | D:15     | 20691 ||| INVOKING Finesse.
 20698 | D:15     | Received a gift from Okawaru
 20701 | D:15     | 20701 ||| Stepping ~*~*~tactically~*~*~ (hiding).
 20708 | D:15     | 20708 ||| Stepping ~*~*~tactically~*~*~ (cloud).
 20709 | D:15     | 20709 ||| Stepping ~*~*~tactically~*~*~ (cloud).
 20714 | D:15     | Reached skill level 3 in Shields
 20815 | D:15     | 20815 ||| Stepping ~*~*~tactically~*~*~ (outnumbered).
 20816 | D:15     | 20816 ||| Stepping ~*~*~tactically~*~*~ (outnumbered).
 20817 | D:15     | 20817 ||| Stepping ~*~*~tactically~*~*~ (outnumbered).
 20821 | D:15     | 20821 ||| Stepping ~*~*~tactically~*~*~ (outnumbered).
 20823 | D:15     | 20823 ||| INVOKING Heroism.
 20824 | D:15     | 20824 ||| Stepping ~*~*~tactically~*~*~ (outnumbered).
 20826 | D:15     | 20826 ||| Stepping ~*~*~tactically~*~*~ (outnumbered).
 20828 | D:15     | 20828 ||| Stepping ~*~*~tactically~*~*~ (stealth).
 20843 | D:15     | Received a gift from Okawaru
 20965 | D:15     | 20965 ||| Stepping ~*~*~tactically~*~*~ (hiding).
 21067 | D:15     | 21067 ||| Stepping ~*~*~tactically~*~*~ (hiding).
 21201 | D:15     | 21201 ||| Stepping ~*~*~tactically~*~*~ (outnumbered).
 21206 | D:15     | 21206 ||| Stepping ~*~*~tactically~*~*~ (outnumbered).
 21223 | D:15     | Found a runed translucent door.
 21223 | D:15     | Noticed Vochiuc's ghost (adept DEFE)
 21277 | D:15     | 21277 ||| INVOKING Heroism.
 21342 | D:15     | Found a staircase to the Depths.
 21379 | D:15     | 21379 ||| INVOKING Heroism.
 21490 | D:15     | 21490 ||| INVOKING Heroism.
 21491 | D:15     | 21491 ||| INVOKING Finesse.
 21493 | D:15     | Received a gift from Okawaru
 21587 | D:15     | Reached skill level 6 in Shields
 21663 | D:15     | 21663 ||| INVOKING Heroism.
 21906 | D:15     | 21906 ||| READING 9 scrolls of teleportation.
 21907 | D:15     | 21907 ||| PLANNING ORC
 22072 | Orc:1    | Entered Level 1 of the Orcish Mines
 22081 | Orc:1    | 22081 ||| INVOKING Heroism.
 22119 | Orc:1    | 22119 ||| Stepping ~*~*~tactically~*~*~ (hiding).
 22124 | Orc:1    | Received a gift from Okawaru
 22268 | Orc:1    | 22268 ||| INVOKING Heroism.
 22286 | Orc:1    | 22286 ||| Stepping ~*~*~tactically~*~*~ (stealth).
 22288 | Orc:1    | 22288 ||| Stepping ~*~*~tactically~*~*~ (stealth).
 22292 | Orc:1    | 22292 ||| Stepping ~*~*~tactically~*~*~ (stealth).
 22310 | Orc:1    | 22310 ||| INVOKING Heroism.
 22312 | Orc:1    | 22312 ||| Stepping ~*~*~tactically~*~*~ (hiding).
 22315 | Orc:1    | 22315 ||| Stepping ~*~*~tactically~*~*~ (hiding).
 22322 | Orc:1    | 22322 ||| Stepping ~*~*~tactically~*~*~ (outnumbered).
 22326 | Orc:1    | 22326 ||| Stepping ~*~*~tactically~*~*~ (outnumbered).
 22327 | Orc:1    | 22327 ||| Stepping ~*~*~tactically~*~*~ (outnumbered).
 22328 | Orc:1    | 22328 ||| Stepping ~*~*~tactically~*~*~ (outnumbered).
 22329 | Orc:1    | 22329 ||| Stepping ~*~*~tactically~*~*~ (outnumbered).
 22608 | Orc:2    | Entered Level 2 of the Orcish Mines
 22609 | Orc:2    | 22609 ||| INVOKING Heroism.
 22610 | Orc:2    | 22610 ||| STAIRDANCE
 22622 | Orc:2    | 22622 ||| STAIRDANCE
 22624 | Orc:1    | 22624 ||| Stepping ~*~*~tactically~*~*~ (outnumbered).
 22625 | Orc:1    | 22625 ||| Stepping ~*~*~tactically~*~*~ (outnumbered).
 22626 | Orc:1    | 22626 ||| Stepping ~*~*~tactically~*~*~ (outnumbered).
 22628 | Orc:1    | 22628 ||| Stepping ~*~*~tactically~*~*~ (outnumbered).
 22629 | Orc:1    | 22629 ||| Stepping ~*~*~tactically~*~*~ (outnumbered).
 22646 | Orc:2    | 22646 ||| STAIRDANCE
 22648 | Orc:1    | 22648 ||| INVOKING Heroism.
 22649 | Orc:1    | 22649 ||| Stepping ~*~*~tactically~*~*~ (outnumbered).
 22650 | Orc:1    | 22650 ||| Stepping ~*~*~tactically~*~*~ (outnumbered).
 22651 | Orc:1    | 22651 ||| Stepping ~*~*~tactically~*~*~ (outnumbered).
 22652 | Orc:1    | 22652 ||| Stepping ~*~*~tactically~*~*~ (outnumbered).
 22670 | Orc:2    | Noticed Urug
 22671 | Orc:2    | 22671 ||| INVOKING Finesse.
 22681 | Orc:2    | Killed Urug
 22738 | Orc:2    | 22738 ||| INVOKING Heroism.
 22739 | Orc:2    | Noticed an orc warlord
 22740 | Orc:2    | 22740 ||| INVOKING Finesse.
 22747 | Orc:2    | 22747 ||| Stepping ~*~*~tactically~*~*~ (outnumbered).
 22748 | Orc:2    | 22748 ||| Stepping ~*~*~tactically~*~*~ (outnumbered).
 22749 | Orc:2    | 22749 ||| Stepping ~*~*~tactically~*~*~ (outnumbered).
 22752 | Orc:2    | 22752 ||| Stepping ~*~*~tactically~*~*~ (outnumbered).
 22753 | Orc:2    | 22753 ||| Stepping ~*~*~tactically~*~*~ (outnumbered).
 22754 | Orc:2    | 22754 ||| Stepping ~*~*~tactically~*~*~ (hiding).
 22755 | Orc:2    | 22755 ||| Stepping ~*~*~tactically~*~*~ (hiding).
 22762 | Orc:2    | 22762 ||| Stepping ~*~*~tactically~*~*~ (hiding).
 22767 | Orc:2    | 22767 ||| Stepping ~*~*~tactically~*~*~ (outnumbered).
 22768 | Orc:2    | 22768 ||| Stepping ~*~*~tactically~*~*~ (hiding).
 22769 | Orc:2    | 22769 ||| Stepping ~*~*~tactically~*~*~ (outnumbered).
 22770 | Orc:2    | 22770 ||| Stepping ~*~*~tactically~*~*~ (outnumbered).
 22771 | Orc:2    | 22771 ||| Stepping ~*~*~tactically~*~*~ (outnumbered).
 22772 | Orc:2    | 22772 ||| Stepping ~*~*~tactically~*~*~ (outnumbered).
 22773 | Orc:2    | 22773 ||| Stepping ~*~*~tactically~*~*~ (outnumbered).
 22774 | Orc:2    | 22774 ||| Stepping ~*~*~tactically~*~*~ (outnumbered).
 22775 | Orc:2    | 22775 ||| INVOKING Finesse.
 22778 | Orc:2    | Reached XP level 16. HP: 145/156 MP: 13/22
 22779 | Orc:2    | 22779 ||| Stepping ~*~*~tactically~*~*~ (outnumbered).
 22780 | Orc:2    | 22780 ||| Stepping ~*~*~tactically~*~*~ (outnumbered).
 22781 | Orc:2    | 22781 ||| Stepping ~*~*~tactically~*~*~ (outnumbered).
 22875 | Orc:2    | 22875 ||| Stepping ~*~*~tactically~*~*~ (stealth).
 22877 | Orc:2    | 22877 ||| Stepping ~*~*~tactically~*~*~ (stealth).
 22878 | Orc:2    | 22878 ||| Stepping ~*~*~tactically~*~*~ (stealth).
 22882 | Orc:2    | 22882 ||| INVOKING Heroism.
 22885 | Orc:2    | 22885 ||| Stepping ~*~*~tactically~*~*~ (outnumbered).
 22886 | Orc:2    | 22886 ||| Stepping ~*~*~tactically~*~*~ (outnumbered).
 22887 | Orc:2    | 22887 ||| Stepping ~*~*~tactically~*~*~ (outnumbered).
 22888 | Orc:2    | 22888 ||| Stepping ~*~*~tactically~*~*~ (outnumbered).
 22889 | Orc:2    | 22889 ||| Stepping ~*~*~tactically~*~*~ (outnumbered).
 22890 | Orc:2    | 22890 ||| Stepping ~*~*~tactically~*~*~ (outnumbered).
 22891 | Orc:2    | 22891 ||| Stepping ~*~*~tactically~*~*~ (outnumbered).
 22892 | Orc:2    | 22892 ||| Stepping ~*~*~tactically~*~*~ (outnumbered).
 22893 | Orc:2    | 22893 ||| Stepping ~*~*~tactically~*~*~ (hiding).
 22902 | Orc:2    | 22902 ||| Stepping ~*~*~tactically~*~*~ (outnumbered).
 22915 | Orc:2    | 22915 ||| Stepping ~*~*~tactically~*~*~ (outnumbered).
 22924 | Orc:2    | 22924 ||| Stepping ~*~*~tactically~*~*~ (outnumbered).
 22931 | Orc:2    | 22931 ||| INVOKING Heroism.
 22936 | Orc:2    | 22936 ||| Stepping ~*~*~tactically~*~*~ (hiding).
 22975 | Orc:2    | 22975 ||| Stepping ~*~*~tactically~*~*~ (stealth).
 22978 | Orc:2    | 22978 ||| Stepping ~*~*~tactically~*~*~ (stealth).
 22981 | Orc:2    | 22981 ||| INVOKING Heroism.
 22983 | Orc:2    | 22983 ||| Stepping ~*~*~tactically~*~*~ (hiding).
 22987 | Orc:2    | 22987 ||| Stepping ~*~*~tactically~*~*~ (outnumbered).
 22989 | Orc:2    | 22989 ||| Stepping ~*~*~tactically~*~*~ (outnumbered).
 22993 | Orc:2    | 22993 ||| Stepping ~*~*~tactically~*~*~ (outnumbered).
 22994 | Orc:2    | 22994 ||| Stepping ~*~*~tactically~*~*~ (outnumbered).
 22995 | Orc:2    | 22995 ||| Stepping ~*~*~tactically~*~*~ (hiding).
 22997 | Orc:2    | 22997 ||| Stepping ~*~*~tactically~*~*~ (hiding).
 22998 | Orc:2    | 22998 ||| STAIRDANCE
 23000 | Orc:1    | 23000 ||| Stepping ~*~*~tactically~*~*~ (outnumbered).
 23001 | Orc:1    | 23001 ||| Stepping ~*~*~tactically~*~*~ (outnumbered).
 23002 | Orc:1    | 23002 ||| Stepping ~*~*~tactically~*~*~ (outnumbered).
 23003 | Orc:1    | 23003 ||| Stepping ~*~*~tactically~*~*~ (outnumbered).
 23004 | Orc:1    | 23004 ||| Stepping ~*~*~tactically~*~*~ (outnumbered).
 23020 | Orc:2    | 23020 ||| STAIRDANCE
 23026 | Orc:1    | 23026 ||| INVOKING Heroism.
 23040 | Orc:2    | 23040 ||| Stepping ~*~*~tactically~*~*~ (hiding).
 23041 | Orc:2    | 23041 ||| Stepping ~*~*~tactically~*~*~ (hiding).
 23042 | Orc:2    | 23042 ||| Stepping ~*~*~tactically~*~*~ (hiding).
 23093 | Orc:2    | 23093 ||| INVOKING Heroism.
 23097 | Orc:2    | 23097 ||| Stepping ~*~*~tactically~*~*~ (outnumbered).
 23105 | Orc:2    | 23105 ||| Stepping ~*~*~tactically~*~*~ (hiding).
 23108 | Orc:2    | 23108 ||| Stepping ~*~*~tactically~*~*~ (hiding).
 23124 | Orc:2    | 23124 ||| Stepping randomly (disturbance).
 23134 | Orc:2    | Found Oschiuh's Antique Weapon Shoppe.
 23147 | Orc:2    | 23147 ||| INVOKING Heroism.
 23222 | Orc:2    | Found Deodur's Antique Armour Shoppe.
 23276 | Orc:2    | Found Ruhuh's Jewellery Shoppe.
 23295 | Orc:2    | 23295 ||| BUYING amulet "Qayl" {Spirit Dex+7} (723 gold).
 23295 | Orc:2    | Bought the amulet "Qayl" {Spirit Dex+7} for 723 gold pieces
 23375 | Orc:2    | Found a staircase to the Elven Halls.
 23453 | Orc:2    | Found Odweq's General Store.
 23459 | Orc:2    | 23459 ||| BUYING scroll of teleportation (42 gold).
 23459 | Orc:2    | Bought a scroll of teleportation for 42 gold pieces
 23489 | Orc:2    | 23489 ||| Stepping ~*~*~tactically~*~*~ (hiding).
 23591 | Orc:2    | 23591 ||| INVOKING Heroism.
 23595 | Orc:2    | 23595 ||| Stepping ~*~*~tactically~*~*~ (outnumbered).
 23641 | Orc:2    | 23641 ||| INVOKING Heroism.
 23652 | Orc:2    | Reached skill level 9 in Shields
 23653 | Orc:2    | 23653 ||| Stepping ~*~*~tactically~*~*~ (outnumbered).
 23654 | Orc:2    | 23654 ||| Stepping ~*~*~tactically~*~*~ (outnumbered).
 23655 | Orc:2    | 23655 ||| Stepping ~*~*~tactically~*~*~ (outnumbered).
 23796 | Orc:2    | 23796 ||| PLANNING SNAKE:1-3
 23940 | Snake:1  | Entered Level 1 of the Snake Pit
 24068 | Snake:1  | 24068 ||| INVOKING Heroism.
 24088 | Snake:1  | 24088 ||| Stepping ~*~*~tactically~*~*~ (hiding).
 24108 | Snake:1  | Found a shimmering blue altar of Sif Muna.
 24136 | Snake:1  | 24136 ||| INVOKING Heroism.
 24265 | Snake:1  | 24265 ||| Stepping ~*~*~tactically~*~*~ (hiding).
 24268 | Snake:1  | 24268 ||| Stepping ~*~*~tactically~*~*~ (stealth).
 24296 | Snake:1  | 24296 ||| Stepping ~*~*~tactically~*~*~ (stealth).
 24298 | Snake:1  | 24298 ||| Stepping ~*~*~tactically~*~*~ (stealth).
 24300 | Snake:1  | 24300 ||| Stepping ~*~*~tactically~*~*~ (hiding).
 24310 | Snake:1  | Received a gift from Okawaru
 24312 | Snake:1  | 24312 ||| INVOKING Heroism.
 24314 | Snake:1  | 24314 ||| Stepping ~*~*~tactically~*~*~ (hiding).
 24563 | Snake:1  | 24563 ||| INVOKING Heroism.
 24578 | Snake:1  | 24578 ||| Stepping ~*~*~tactically~*~*~ (hiding).
 24580 | Snake:1  | 24580 ||| Stepping ~*~*~tactically~*~*~ (outnumbered).
 24583 | Snake:1  | 24583 ||| Stepping ~*~*~tactically~*~*~ (outnumbered).
 24584 | Snake:1  | 24584 ||| Stepping ~*~*~tactically~*~*~ (outnumbered).
 24585 | Snake:1  | 24585 ||| Stepping ~*~*~tactically~*~*~ (hiding).
 25029 | Snake:1  | 25029 ||| Stepping ~*~*~tactically~*~*~ (hiding).
 25030 | Snake:1  | 25030 ||| Stepping ~*~*~tactically~*~*~ (hiding).
 25265 | Snake:2  | 25265 ||| INVOKING Heroism.
 25266 | Snake:2  | 25266 ||| Stepping ~*~*~tactically~*~*~ (outnumbered).
 25270 | Snake:2  | 25270 ||| Stepping ~*~*~tactically~*~*~ (outnumbered).
 25271 | Snake:2  | 25271 ||| Stepping ~*~*~tactically~*~*~ (outnumbered).
 25293 | Snake:2  | HP: 28/156 [nagaraja/+0 spear (19)]
 25294 | Snake:2  | 25294 ||| READING 9 scrolls of teleportation.
 25295 | Snake:2  | 25295 ||| DRINKING 5 potions of heal wounds.
 25296 | Snake:2  | 25296 ||| DRINKING 4 potions of heal wounds.
 25300 | Snake:2  | HP: 14/156 [nagaraja/+0 spear (31)]
 25301 | Snake:2  | 25301 ||| READING 8 scrolls of teleportation.
 25302 | Snake:2  | 25302 ||| DRINKING 3 potions of heal wounds.
 25303 | Snake:2  | 25303 ||| DRINKING 2 potions of heal wounds.
 25312 | Snake:2  | 25312 ||| Stepping ~*~*~tactically~*~*~ (outnumbered).
 25314 | Snake:2  | HP: 31/156 [shock serpent (12)]
 25315 | Snake:2  | 25315 ||| READING 7 scrolls of teleportation.
 25315 | Snake:2  | HP: 5/156 [shock serpent/bolt of electricity (14)]
 25315 | Snake:2  | Killed from afar by a shock serpent

Levels and vault maps discovered:
D:1:      eino_arrival_cavern_c, layout_basic, minmay_tree_intersection,
          minmay_quantized
D:2:      layout_loops_ring, ebering_ecumenical_altar_abandoned
D:3:      layout_basic
D:4:      layout_loops_ring, minmay_temple_entry_drinking_statues, serial_shops,
          shop_coins, uniq_robin, uniq_ijyb, uniq_blork_the_orc
D:5:      layout_basic
D:6:      layout_loops_ring, mainiacjoe_overflow_cross_hatched,
          gammafunk_ghost_icy, serial_glass, glass_columns_a, glass_columns_a,
          minmay_misc_feat_roman, uniq_pikel, uniq_prince_ribbit1
D:7:      layout_rooms, enter_bailey_2, minivault_10
D:8:      corexii_shantytown, layout_cave_pools, nicolae_overflow_hidden_temple,
          mainiacjoe_overflow_small_starburst, special_room [special_room_orc],
          uniq_grum, uniq_psyche
D:9:      layout_stronghold, lemuel_doored_altar, uniq_maurice
D:10:     nicolae_cairo_tiling_very_big, layout_cave_pods,
          nicolae_elyvilon_temple_path, serial_shops, shop,
          kennysheep_generic_room_15
D:11:     layout_roguey, lair_entry_dummy, david_orc_2
D:12:     evilmike_horseshoe, layout_loops_ring, uniq_frances, uniq_kirke,
          uniq_josephine
D:13:     layout_cave_pods, gauntlet_entry_generic, uniq_erolcha
D:14:     wad_pebble_path, layout_loops_ring, lightli_vaults_fourway_checkpoint,
          serial_shops, shop, shop, nicolae_shop_advertising_works
          [nicolae_subvault_shop_adworks], nicolae_stop_n_shop_2, shop,
          chequers_serial_rivers_micro_e, uniq_rupert
D:15:     grunt_enter_depths_hoard, layout_loops_ring, ebering_ghost_inner_flame
Temple:   kb_temple_of_zot
Lair:1:   layout_regular_city, nicolae_volcano_entry_batcave,
          grunt_megastairs_1, uniq_joseph
Lair:2:   layout_gridlike, minmay_shoals_entry_hut
Lair:3:   layout_gridlike, guppyfry_snake_entry_garden
Lair:4:   layout_cave_pods, basic_altar, dreamdust_mushroom_princess,
          lemuel_fruit_fields
Lair:5:   hangedman_lair_caniforms_friends, layout_regular_city,
          hangedman_lair_tendril_chambers, minmay_slime_entry_jelly_boxes,
          patterned_corridor
Snake:1:  layout_honeycomb, basic_altar, nicolae_snake_gridmaze_waves
Snake:2:  cheibrodos_forgotten_conduit, layout_rooms,
          gammafunk_ghost_wrathful_warriors, minmay_snake_pond, uniq_asterion
Orc:1:    layout_caves
Orc:2:    grunt_orc_cross, layout_caves, uniq_urug

Skill      XL: |  1  2  3  4  5  6  7  8  9 10 11 12 13 14 15 16 |
---------------+-------------------------------------------------+-----
Unarmed Combat | 4 6 7 9 10 12 14 16 18 19 20 | 20.4
Dodging        | 1 2 3 |  3.0
Fighting       | 3 5 6 7 8 9 |  9.0
Throwing       | 1 3 5 7 9 |  9.0
Armour         | 1 2 4 5 6 |  6.1
Invocations    | 4 8 10 | 10.0
Shields        | 7 10 | 10.9
Spellcasting   | |  1.0
Fire Magic     | |  2.1

Action                   |  1- 3 |  4- 6 |  7- 9 | 10-12 | 13-15 | 16-18 || total
-------------------------+-------+-------+-------+-------+-------+-------++-------
Melee: Unarmed           |    84 |   158 |   172 |   529 |   927 |   296 ||  2166
       Punch             |     3 |     2 |     7 |    49 |   100 |       ||   161
Throw: Boomerang         |       |    14 |    36 |    60 |    38 |       ||   148
       Javelin           |       |       |       |    28 |    30 |       ||    58
       Large rock        |       |       |       |       |    77 |    19 ||    96
Invok: Fiery Armour      |       |     2 |     5 |     6 |     1 |       ||    14
       Heroism           |       |       |       |       |    46 |    13 ||    59
       Finesse           |       |       |       |       |    12 |       ||    12
  Use: Scroll            |     2 |    11 |     5 |     6 |    10 |     3 ||    37
       Potion            |       |     4 |     2 |     1 |     2 |     4 ||    13
 Stab: Distracted        |       |       |       |       |     1 |       ||     1
Armor: Robe              |    17 |    32 |    77 |       |       |       ||   126
       Skin              |       |     4 |       |       |       |       ||     4
       Steam dragon scal |       |       |    21 |    68 |       |       ||    89
       Quicksilver drago |       |       |       |   156 |   302 |    86 ||   544
Dodge: Dodged            |    18 |    46 |    94 |   230 |   340 |   101 ||   829
Block: Tower shield      |       |       |       |       |   113 |   273 ||   386
       Reflection        |       |       |       |       |     3 |    28 ||    31

Table legend:
 A = Non-vault XP
 B = Vault XP
 C = Vault XP percentage of total XP
 D = Non-vault monster count
 E = Vault monster count
 F = Vault count percentage of total count
                 A         B        C        D         E       F
            +---------+---------+-------+---------+---------+-------
      Total |  121589 |   63458 |  34.3 |     595 |     288 |  32.6
            +---------+---------+-------+---------+---------+-------
        D:1 |      56 |      10 |  15.2 |      27 |       4 |  12.9
        D:2 |      69 |       0 |   0.0 |      25 |       0 |   0.0
        D:3 |      50 |       0 |   0.0 |       8 |       0 |   0.0
        D:4 |     212 |     165 |  43.8 |      17 |      11 |  39.3
        D:5 |     374 |       0 |   0.0 |      20 |       0 |   0.0
        D:6 |    1243 |     946 |  43.2 |      23 |       2 |   8.0
        D:7 |    1142 |     807 |  41.4 |      26 |       5 |  16.1
        D:8 |     517 |     662 |  56.1 |      10 |      66 |  86.8
        D:9 |    3141 |     423 |  11.9 |      30 |       1 |   3.2
       D:10 |    3328 |       0 |   0.0 |      31 |       0 |   0.0
       D:11 |    6518 |     148 |   2.2 |      23 |       6 |  20.7
       D:12 |    4674 |   12631 |  73.0 |      18 |      24 |  57.1
       D:13 |    4164 |     844 |  16.9 |      14 |       1 |   6.7
       D:14 |    5466 |    8834 |  61.8 |      13 |      13 |  50.0
       D:15 |   15593 |    1774 |  10.2 |      31 |       2 |   6.1
     Lair:1 |    4183 |     995 |  19.2 |      22 |       4 |  15.4
     Lair:2 |   12330 |     271 |   2.2 |      35 |       1 |   2.8
     Lair:3 |    4098 |     323 |   7.3 |      20 |       2 |   9.1
     Lair:4 |    5934 |       0 |   0.0 |      20 |       0 |   0.0
     Lair:5 |   20245 |   21395 |  51.4 |      55 |     104 |  65.4
    Snake:1 |   14630 |       0 |   0.0 |      32 |       0 |   0.0
    Snake:2 |    3767 |       0 |   0.0 |       8 |       0 |   0.0
      Orc:1 |    3179 |    1695 |  34.8 |      35 |       6 |  14.6
      Orc:2 |    6676 |    6490 |  49.3 |      52 |      26 |  33.3
   Gauntlet |       0 |    5045 | 100.0 |       0 |      10 | 100.0
            +---------+---------+-------+---------+---------+-------
